Workbook

Sheet DANN K-8
A1: DANN K-8 | B1: 26-27 | C1: 27-28 | D1: 28-29 | E1: 29-30 | F1: 30-31 | G1: 31-32 | H1: 32-33
A2: Statewide Base (w/ District Adj) | B2: 9486 | C2: 9723 | D2: =C2*1.025 -> 9966.075 | E2: =D2*1.025 -> 10215.227 | F2: =E2*1.025 -> 10470.608 | G2: =F2*1.025 -> 10732.373 | H2: =G2*1.025 -> 11000.682
A3: Total Students (FTEs) | B3: =SUM(B4:B16) -> 990 | C3: =SUM(C4:C16) -> 990 | D3: =SUM(D4:D16) -> 990 | E3: =SUM(E4:E16) -> 990 | F3: =SUM(F4:F16) -> 990 | G3: =SUM(G4:G16) -> 990 | H3: =SUM(H4:H16) -> 990
A4: Kinder | B4: 100 | C4: 100 | D4: 100 | E4: 100 | F4: 100 | G4: 100 | H4: 100
A5: 1st Grade | B5: 104 | C5: 104 | D5: 104 | E5: 104 | F5: 104 | G5: 104 | H5: 104
A6: 2nd Grade | B6: 104 | C6: 104 | D6: 104 | E6: 104 | F6: 104 | G6: 104 | H6: 104
A7: 3rd Grade | B7: 104 | C7: 104 | D7: 104 | E7: 104 | F7: 104 | G7: 104 | H7: 104
A8: 4th Grade | B8: 104 | C8: 104 | D8: 104 | E8: 104 | F8: 104 | G8: 104 | H8: 104
A9: 5th Grade | B9: 108 | C9: 108 | D9: 108 | E9: 108 | F9: 108 | G9: 108 | H9: 108
A10: 6th Grade | B10: 123 | C10: 123 | D10: 123 | E10: 123 | F10: 123 | G10: 123 | H10: 123
A11: 7th Grade | B11: 123 | C11: 123 | D11: 123 | E11: 123 | F11: 123 | G11: 123 | H11: 123
A12: 8th Grade | B12: 120 | C12: 120 | D12: 120 | E12: 120 | F12: 120 | G12: 120 | H12: 120
A13: 9th Grade | B13: 0 | C13: 0 | D13: 0 | E13: 0 | F13: 0 | G13: 0 | H13: 0
A14: 10th Grade | B14: 0 | C14: 0 | D14: 0 | E14: 0 | F14: 0 | G14: 0 | H14: 0
A15: 11th Grade | B15: 0 | C15: 0 | D15: 0 | E15: 0 | F15: 0 | G15: 0 | H15: 0
A16: 12th Grade | B16: 0 | C16: 0 | D16: 0 | E16: 0 | F16: 0 | G16: 0 | H16: 0
A17: Total Students (FTEs) | B17: =SUM(B4:B16) -> 990 | C17: =SUM(C4:C16) -> 990 | D17: =SUM(D4:D16) -> 990 | E17: =SUM(E4:E16) -> 990 | F17: =SUM(F4:F16) -> 990 | G17: =SUM(G4:G16) -> 990 | H17: =SUM(H4:H16) -> 990
A20: Funding Based off of Prior Year Numbers | B20: =B1 -> 26-27 | C20: =C1 -> 27-28 | D20: =D1 -> 28-29 | E20: =E1 -> 29-30 | F20: =F1 -> 30-31 | G20: =G1 -> 31-32 | H20: =H1 -> 32-33
A21: SPED Count | B21: 100 | C21: 100 | D21: 100 | E21: 100 | F21: 100 | G21: 100 | H21: 100
A22: EL Count | B22: 11 | C22: 11 | D22: 11 | E22: 11 | F22: 11 | G22: 11 | H22: 11
A23: GATE Count | B23: 86 | C23: 86 | D23: 86 | E23: 86 | F23: 86 | G23: 86 | H23: 86
A24: At-Risk | B24: 0 | C24: 0 | D24: 0 | E24: 0 | F24: 0 | G24: 0 | H24: 0
A25: FRL % | B25: 0.076 | C25: 0.076 | D25: 0.076 | E25: 0.076 | F25: 0.076 | G25: 0.076 | H25: 0.076
A26: Teaching Staff | B26: =B1 -> 26-27 | C26: =C1 -> 27-28 | D26: =D1 -> 28-29 | E26: =E1 -> 29-30 | F26: =F1 -> 30-31 | G26: =G1 -> 31-32 | H26: =H1 -> 32-33
A27: Classroom Teachers | B27: 36 | C27: 36 | D27: 36 | E27: 36 | F27: 36 | G27: 36 | H27: 36
A28: SPED Teachers | B28: 3.5 | C28: 3.5 | D28: 3.5 | E28: 3.5 | F28: 3.5 | G28: 3.5 | H28: 3.5
A29: Art Teacher
A30: Music
A31: PE Teacher
A32: Technology (STEM)
A33: Spanish / Language
A34: Additional Elective Teachers | B34: 8 | C34: 8 | D34: 8 | E34: 8 | F34: 8 | G34: 8 | H34: 8
A35: Gate Teacher
A36: Total Teaching Staff | B36: =SUM(B27:B35) -> 47.5 | C36: =SUM(C27:C35) -> 47.5 | D36: =SUM(D27:D35) -> 47.5 | E36: =SUM(E27:E35) -> 47.5 | F36: =SUM(F27:F35) -> 47.5 | G36: =SUM(G27:G35) -> 47.5 | H36: =SUM(H27:H35) -> 47.5
A38: Admin & Support Staff | B38: =B1 -> 26-27 | C38: =C1 -> 27-28 | D38: =D1 -> 28-29 | E38: =E1 -> 29-30 | F38: =F1 -> 30-31 | G38: =G1 -> 31-32 | H38: =H1 -> 32-33
A39: Principal | B39: 1 | C39: 1 | D39: 1 | E39: 1 | F39: 1 | G39: 1 | H39: 1
A40: Assistant Principal | B40: 2 | C40: 2 | D40: 2 | E40: 2 | F40: 2 | G40: 2 | H40: 2
A41: Community Involvement/ELL Coordinator | B41: 0 | C41: 0 | D41: 0 | E41: 0 | F41: 0 | G41: 0 | H41: 0
A42: Dean | B42: 1 | C42: 1 | D42: 1 | E42: 1 | F42: 1 | G42: 1 | H42: 1
A43: Curriculum Coach | B43: 1 | C43: 1 | D43: 1 | E43: 1 | F43: 1 | G43: 1 | H43: 1
A44: School Counselor | B44: 1.5 | C44: 1.5 | D44: 1.5 | E44: 1.5 | F44: 1.5 | G44: 1.5 | H44: 1.5
A45: Social Worker/ Mental Health | B45: 1 | C45: 1 | D45: 1 | E45: 1 | F45: 1 | G45: 1 | H45: 1
A46: Office Manager/Banker | B46: 2 | C46: 2 | D46: 2 | E46: 2 | F46: 2 | G46: 2 | H46: 2
A47: Registrar | B47: 1 | C47: 1 | D47: 1 | E47: 1 | F47: 1 | G47: 1 | H47: 1
A48: Clinic Aide/ FASA | B48: 1 | C48: 1 | D48: 1 | E48: 1 | F48: 1 | G48: 1 | H48: 1
A49: Receptionist | B49: 2 | C49: 2 | D49: 2 | E49: 2 | F49: 2 | G49: 2 | H49: 2
A50: Teacher Assistants | B50: 10.33 | C50: 10.33 | D50: 10.33 | E50: 10.33 | F50: 10.33 | G50: 10.33 | H50: 10.33
... A61: Other: IT | B61: 0 | C61: 0 | D61: 0 | E61: 0 | F61: 0 | G61: 0 | H61: 0
A62: Total Admin & Support Staff | B62: =SUM(B39:B61) -> 31.08 | C62: =SUM(C39:C61) -> 31.08 | D62: =SUM(D39:D61) -> 31.08 | E62: =SUM(E39:E61) -> 31.08 | F62: =SUM(F39:F61) -> 31.08 | G62: =SUM(G39:G61) -> 31.08 | H62: =SUM(H39:H61) -> 31.08
A64: Total # Teachers and instruction | B64: =B36+B41+B43+B50 -> 58.83 | C64: =C36+C41+C43+C50 -> 58.83 | D64: =D36+D41+D43+D50 -> 58.83 | E64: =E36+E41+E43+E50 -> 58.83 | F64: =F36+F41+F43+F50 -> 58.83 | G64: =G36+G41+G43+G50 -> 58.83 | H64: =H36+H41+H43+H50 -> 58.83
A65: Total # Admin & Support | B65: =B62-B41-B43-B50 -> 19.75 | C65: =C62-C41-C43-C50 -> 19.75 | D65: =D62-D41-D43-D50 -> 19.75 | E65: =E62-E41-E43-E50 -> 19.75 | F65: =F62-F41-F43-F50 -> 19.75 | G65: =G62-G41-G43-G50 -> 19.75 | H65: =H62-H41-H43-H50 -> 19.75
A66: Total Staff | B66: =SUM(B64:B65) -> 78.58 | C66: =SUM(C64:C65) -> 78.58 | D66: =SUM(D64:D65) -> 78.58 | E66: =SUM(E64:E65) -> 78.58 | F66: =SUM(F64:F65) -> 78.58 | G66: =SUM(G64:G65) -> 78.58 | H66: =SUM(H64:H65) -> 78.58
A68: Revenues | B68: =B1 -> 26-27 | C68: =C1 -> 27-28 | D68: =D1 -> 28-29 | E68: =E1 -> 29-30 | F68: =F1 -> 30-31 | G68: =G1 -> 31-32 | H68: =H1 -> 32-33
A69: Per Pupil (PCFP Funding) | B69: =B3*B2 -> 9391140 | C69: =C3*C2 -> 9625770 | D69: =D3*D2 -> 9866414.2 | E69: =E3*E2 -> 10113075 | F69: =F3*F2 -> 10365901 | G69: =G3*G2 -> 10625049 | H69: =H3*H2 -> 10890675
A70: ELL | B70: =B22*4268 -> 46948 | C70: =(C2*0.4498)*C22 -> 48107.459 | D70: =(D2*0.4498)*D22 -> 49310.146 | E70: =(E2*0.4498)*E22 -> 50542.9 | F70: =(F2*0.4498)*F22 -> 51806.472 | G70: =(G2*0.4498)*G22 -> 53101.634 | H70: =(H2*0.4498)*H22 -> 54429.175
A71: GATE | B71: =B23*1138 -> 97868 | C71: =(C2*0.1198)*C23 -> 100174.12 | D71: =(D2*0.1198)*D23 -> 102678.48 | E71: =(E2*0.1198)*E23 -> 105245.44 | F71: =(F2*0.1198)*F23 -> 107876.58 | G71: =(G2*0.1198)*G23 -> 110573.49 | H71: =(H2*0.1198)*H23 -> 113337.83
A72: At-Risk | B72: =B24*3320 -> 0 | C72: =(C2*0.3495)*C24 -> 0 | D72: =(D2*0.3495)*D24 -> 0 | E72: =(E2*0.3495)*E24 -> 0 | F72: =(F2*0.3495)*F24 -> 0 | G72: =(G2*0.3495)*G24 -> 0 | H72: =(H2*0.3495)*H24 -> 0
A73: Auxiliary | B73: 231164 | C73: 231164 | D73: 231164 | E73: 231164 | F73: 231164 | G73: 231164 | H73: 231164
A74: Local SPED | B74: 85050 | C74: 85050 | D74: 85050 | E74: 85050 | F74: 85050 | G74: 85050 | H74: 85050
A75: State SPED | B75: =3736*B21 -> 373600 | C75: 391400 | D75: 401700 | E75: 412000 | F75: 422300 | G75: 432600 | H75: 432600
A76: Federal SPED | B76: 126295 | C76: 126295 | D76: 126295 | E76: 126295 | F76: 126295 | G76: 126295 | H76: 126295
A77: Interest Income | B77: 230000 | C77: 230000 | D77: 230000 | E77: 230000 | F77: 230000 | G77: 230000 | H77: 230000
A78: Grants | B78: =5480+2042 -> 7522 | C78: 7305 | D78: 7305 | E78: 7305 | F78: 7305 | G78: 7305 | H78: 7305
A79: In-Kind / Donations | B79: 0 | C79: 0 | D79: 0 | E79: 0 | F79: 0 | G79: 0 | H79: 0
A80: Student Generated (SGF) / PRE-K | B80: 350000 | C80: 350000 | D80: 350000 | E80: 350000 | F80: 350000 | G80: 350000 | H80: 350000
A81: NSLP - Breakfast | B81: 0 | C81: 0 | D81: 0 | E81: 0 | F81: 0 | G81: 0 | H81: 0
A82: NSLP - Lunch | B82: 125118 | C82: 126378 | D82: 127638 | E82: 128898 | F82: 130158 | G82: 131418 | H82: =G82*1.02 -> 134046.36
A83: Total Revenues | B83: =SUM(B69:B82) -> 11064705 | C83: =SUM(C69:C82) -> 11321644 | D83: =SUM(D69:D82) -> 11577555 | E83: =SUM(E69:E82) -> 11839575 | F83: =SUM(F69:F82) -> 12107857 | G83: =SUM(G69:G82) -> 12382556 | H83: =SUM(H69:H82) -> 12654903
A85: Use of other funds | B85: =B1 -> 26-27 | C85: =C1 -> 27-28 | D85: =D1 -> 28-29 | E85: =E1 -> 29-30 | F85: =F1 -> 30-31 | G85: =G1 -> 31-32 | H85: =H1 -> 32-33
A86: Use of beginning Funds | B86: 125000 | C86: 0 | D86: 0 | E86: 0 | F86: 0 | G86: 0 | H86: 0
A87: Borrowings (Bond Proceeds) | B87: 0 | C87: 0 | D87: 0 | E87: 0 | F87: 0 | G87: 0 | H87: 0
A88: Project Funds | B88: 0 | C88: 0 | D88: 0 | E88: 0 | F88: 0 | G88: 0 | H88: 0
A89: Total Use of Other Funds | B89: =SUM(B86:B88) -> 125000 | C89: =SUM(C86:C88) -> 0 | D89: =SUM(D86:D88) -> 0 | E89: =SUM(E86:E88) -> 0 | F89: =SUM(F86:F88) -> 0 | G89: =SUM(G86:G88) -> 0 | H89: =SUM(H86:H88) -> 0
A92: Personnel Expenditures | B92: =B1 -> 26-27 | C92: =C1 -> 27-28 | D92: =D1 -> 28-29 | E92: =E1 -> 29-30 | F92: =F1 -> 30-31 | G92: =G1 -> 31-32 | H92: =H1 -> 32-33
A93: Personnel - Support
A94: Principal | B94: 171700 | C94: 140000 | D94: 142100 | E94: 143805.2 | F94: 145530.86 | G94: 147713.83 | H94: =G94*1.012 -> 149486.39
A95: Asst. Principal | B95: 217150 | C95: 219755.8 | D95: 223052.14 | E95: 225728.76 | F95: 228437.51 | G95: 231864.07 | H95: =G95*1.012 -> 234646.44
A96: School Counselor | B96: =120808+4116 -> 124924 | C96: 126696.81 | D96: 128755.09 | E96: 130556.83 | F96: 132371.88 | G96: 134484.07 | H96: =G96*1.012 -> 136097.87
A97: Social Worker/Mental Health | B97: =58195+2405 -> 60600 | C97: 61327.2 | D97: 62247.108 | E97: 62994.073 | F97: 63750.002 | G97: 64706.252 | H97: =G97*1.012 -> 65482.727
A98: Student Support / Dean | B98: =55897+2683 -> 58580 | C98: 59282.96 | D98: 60172.204 | E98: 60894.271 | F98: 61625.002 | G98: 62549.377 | H98: =G98*1.012 -> 63299.97
A99: Office Mgr. & Registrar / Banker | B99: =174730+71+1000 -> 175801 | C99: 176826.76 | D99: 179479.16 | E99: 181632.91 | F99: 183812.51 | G99: 186569.69 | H99: =G99*1.012 -> 188808.53
A100: Office Asst / Receptionist | B100: =91808.75+150+1000 -> 92958.75 | C100: 93969.375 | D100: 96060.625 | E100: 98151.875 | F100: 100243.12 | G100: 102334.38 | H100: =G100*1.012 -> 103562.39
A101: Parent Engagement Corr. | B101: 0 | C101: 0 | D101: 0 | E101: 0 | F101: 0 | G101: 0 | H101: =G101*1.012 -> 0
A102: Custodial/Security | B102: 53572 | C102: 54648 | D102: 55467.72 | E102: 56133.333 | F102: 56806.933 | G102: 57659.037 | H102: =G102*1.012 -> 58350.945
A103: NSLP Personnel | B103: 57858.75 | C103: 59246.25 | D103: 60633.75 | E103: 62021.25 | F103: 63408.75 | G103: 64796.25 | H103: =G103*1.012 -> 65573.805
A104: SPED OT / PT | B104: 46000 | C104: 55000 | D104: 55825 | E104: 56494.9 | F104: 57172.839 | G104: 58030.431 | H104: =G104*1.012 -> 58726.797
A105: SPED Facilitator | B105: 0 | C105: 0 | D105: 0 | E105: 0 | F105: 0 | G105: 0 | H105: =G105*1.012 -> 0
A106: Speech Path | B106: 63000 | C106: 63756 | D106: 64712.34 | E106: 65488.888 | F106: 66274.755 | G106: 67268.876 | H106: =G106*1.012 -> 68076.103
A107: School Psych | B107: 0 | C107: 0 | D107: 0 | E107: 0 | F107: 0 | G107: 0 | H107: =G107*1.012 -> 0
A108: School Nurse | B108: 0 | C108: 0 | D108: 0 | E108: 0 | F108: 0 | G108: 0 | H108: =G108*1.012 -> 0
A109: IT | B109: 0 | C109: 0 | D109: 0 | E109: 0 | F109: 0 | G109: 0 | H109: =G109*1.012 -> 0
A110: Total Wages - Support | B110: =SUM(B94:B109) -> 1122144.5 | C110: =SUM(C94:C109) -> 1110509.1 | D110: =SUM(D94:D109) -> 1128505.1 | E110: =SUM(E94:E109) -> 1143902.3 | F110: =SUM(F94:F109) -> 1159434.2 | G110: =SUM(G94:G109) -> 1177976.3 | H110: =SUM(H94:H109) -> 1192112
A111: PERS - 36.75% | B111: 411730 | C111: 413664.66 | D111: 420368.16 | E111: 431823.12 | F111: 437686.4 | G111: =(G110)*0.3775 -> 444686.04 | H111: =(H110)*0.3825 -> 455982.83
A112: Ins/ Taxes / Other Benefits | B112: 181343 | C112: 193450.41 | D112: 210078.87 | E112: 226609.72 | F112: 243367.84 | G112: =G110*0.2125 -> 250319.95 | H112: =H110*0.215 -> 256304.07
A113: Retention | B113: 36500 | C113: 36500 | D113: 36500 | E113: 36500 | F113: 36500 | G113: =(G40*2500)+(G41*2000)+(G43*1750)+(SUM(G45:G48)*1750)+(SUM(G49:G50)*500)+(SUM(G52:G54)*500)+(SUM(G58:G61)*500)+12750 -> 36915 | H113: =(H40*2500)+(H41*2000)+(H43*1750)+(SUM(H45:H48)*1750)+(SUM(H49:H50)*500)+(SUM(H52:H54)*500)+(SUM(H58:H61)*500)+12750 -> 36915
A114: Holiday | B114: 3662.5 | C114: 3662.5 | D114: 3662.5 | E114: 3662.5 | F114: 3662.5 | G114: 3662.5 | H114: 3662.5
A115: Stipends | B115: 0 | C115: 0 | D115: 0 | E115: 0 | F115: 0 | G115: 0
A116: Tuition Reimbursements | B116: 1500 | C116: 1500 | D116: 1500 | E116: 1500 | F116: 1500 | G116: 1500 | H116: 1500
A117: Total Benefits - Support | B117: =SUM(B111:B116) -> 634735.5 | C117: =SUM(C111:C116) -> 648777.57 | D117: =SUM(D111:D116) -> 672109.53 | E117: =SUM(E111:E116) -> 700095.33 | F117: =SUM(F111:F116) -> 722716.74 | G117: =SUM(G111:G116) -> 737083.49 | H117: =SUM(H111:H116) -> 754364.4
A119: Personnel - Instruction | B119: =B1 -> 26-27 | C119: =C1 -> 27-28 | D119: =D1 -> 28-29 | E119: =E1 -> 29-30 | F119: =F1 -> 30-31 | G119: =G1 -> 31-32 | H119: =H1 -> 32-33
...

Sheet SCEN. K12 No Phasing+CSP
A1: DANN (NEW CAMPUS) | B1: 26-27 | C1: 27-28 | D1: 28-29 | E1: 29-30 | F1: 30-31 | G1: 31-32 | H1: 32-33
A2: Statewide Base (w/ District Adj) | B2: 9486 | C2: 9723 | D2: =C2*1.025 -> 9966.075 | E2: =D2*1.025 -> 10215.227 | F2: =E2*1.025 -> 10470.608 | G2: =F2*1.025 -> 10732.373 | H2: =G2*1.025 -> 11000.682
A3: Total Students (FTEs) | B3: =SUM(B4:B16) -> 0 | C3: =SUM(C4:C16) -> 0 | D3: =SUM(D4:D16) -> 884 | E3: =SUM(E4:E16) -> 1112 | F3: =SUM(F4:F16) -> 1370 | G3: =SUM(G4:G16) -> 1520 | H3: =SUM(H4:H16) -> 1570
A4: Kinder | D4: 100 | E4: 100 | F4: 100 | G4: 100 | H4: 100
A5: 1st Grade | D5: 104 | E5: 104 | F5: 104 | G5: 104 | H5: 104
A6: 2nd Grade | D6: 104 | E6: 104 | F6: 104 | G6: 104 | H6: 104
A7: 3rd Grade | D7: 104 | E7: 104 | F7: 104 | G7: 104 | H7: 104
A8: 4th Grade | D8: 0 | E8: 104 | F8: 104 | G8: 104 | H8: 104
A9: 5th Grade | D9: 0 | E9: 0 | F9: 108 | G9: 108 | H9: 108
A10: 6th Grade | D10: 124 | E10: 124 | F10: 124 | G10: 124 | H10: 124
A11: 7th Grade | D11: 124 | E11: 124 | F11: 124 | G11: 124 | H11: 124
A12: 8th Grade | D12: 124 | E12: 124 | F12: 124 | G12: 124 | H12: 124
A13: 9th Grade | D13: 100 | E13: 124 | F13: 150 | G13: 150 | H13: 150
A14: 10th Grade | D14: 0 | E14: 100 | F14: 124 | G14: 150 | H14: 150
A15: 11th Grade | D15: 0 | E15: 0 | F15: 100 | G15: 124 | H15: 150
A16: 12th Grade | D16: 0 | E16: 0 | F16: 0 | G16: 100 | H16: 124
A17: Total Students (FTEs) | B17: =SUM(B4:B16) -> 0 | C17: =SUM(C4:C16) -> 0 | D17: =SUM(D4:D16) -> 884 | E17: =SUM(E4:E16) -> 1112 | F17: =SUM(F4:F16) -> 1370 | G17: =SUM(G4:G16) -> 1520 | H17: =SUM(H4:H16) -> 1570
A20: Funding Based off of Prior Year Numbers | B20: =B1 -> 26-27 | C20: =C1 -> 27-28 | D20: =D1 -> 28-29 | E20: =E1 -> 29-30 | F20: =F1 -> 30-31 | G20: =G1 -> 31-32 | H20: =H1 -> 32-33
A21: SPED Count | E21: 132.6 | F21: 166.8 | G21: 205.5 | H21: 228
A22: EL Count | E22: 70.72 | F22: 88.96 | G22: 109.6 | H22: 121.6
A23: GATE Count | E23: 70.72 | F23: 88.96 | G23: 109.6 | H23: 121.6
A24: At-Risk | E24: 0 | F24: 0 | G24: 0 | H24: 0
A25: FRL % | D25: 0.1 | E25: 0.1 | F25: 0.1 | G25: 0.1 | H25: 0.1
A26: Teaching Staff | B26: =B1 -> 26-27 | C26: =C1 -> 27-28 | D26: =D1 -> 28-29 | E26: =E1 -> 29-30 | F26: =F1 -> 30-31 | G26: =G1 -> 31-32 | H26: =H1 -> 32-33
A27: Classroom Teachers | D27: 32 | E27: 41 | F27: 51 | G27: 53 | H27: 59
A28: SPED Teachers | D28: 4 | E28: 5 | F28: 6 | G28: 7 | H28: 8
A29: Art Teacher
A30: Music
A31: PE Teacher
A32: Technology (STEM)
A33: Spanish / Language
A34: Additional Elective Teachers | D34: 6 | E34: 8 | F34: 9 | G34: 10 | H34: 10
A35: Gate Teacher
A36: Total Teaching Staff | B36: =SUM(B27:B35) -> 0 | C36: =SUM(C27:C35) -> 0 | D36: =SUM(D27:D35) -> 42 | E36: =SUM(E27:E35) -> 54 | F36: =SUM(F27:F35) -> 66 | G36: =SUM(G27:G35) -> 70 | H36: =SUM(H27:H35) -> 77
A38: Admin & Support Staff | B38: =B1 -> 26-27 | C38: =C1 -> 27-28 | D38: =D1 -> 28-29 | E38: =E1 -> 29-30 | F38: =F1 -> 30-31 | G38: =G1 -> 31-32 | H38: =H1 -> 32-33
A39: Principal | D39: 1 | E39: 1 | F39: 1 | G39: 1 | H39: 1
A40: Assistant Principal | D40: 2 | E40: 2 | F40: 2 | G40: 3 | H40: 3
A41: Community Involvement/ELL Coordinator | D41: 1 | E41: 1 | F41: 1 | G41: 1 | H41: 1
A42: Dean | D42: 0 | E42: 0 | F42: 0 | G42: 0 | H42: 0
A43: Curriculum Coach | D43: 1 | E43: 1 | F43: 2 | G43: 2 | H43: 2
A44: School Counselor | D44: 1 | E44: 2 | F44: 3 | G44: 3 | H44: 3
A45: Social Worker/ Mental Health | D45: 0 | E45: 0 | F45: 0 | G45: 0 | H45: 0
A46: Office Manager/Banker | D46: 1 | E46: 2 | F46: 2 | G46: 2 | H46: 2
A47: Registrar | D47: 1 | E47: 1 | F47: 1 | G47: 1 | H47: 1
A48: Clinic Aide/ FASA | D48: 1 | E48: 1 | F48: 1 | G48: 1 | H48: 1
A49: Receptionist | D49: 1 | E49: 1 | F49: 1 | G49: 1 | H49: 1
A50: Teacher Assistants | D50: 3 | E50: 3 | F50: 9 | G50: 9 | H50: 10
... A61: Other: IT | D61: 0 | E61: 0 | F61: 0 | G61: 0 | H61: 0
A62: Total Admin & Support Staff | B62: =SUM(B39:B61) -> 0 | C62: =SUM(C39:C61) -> 0 | D62: =SUM(D39:D61) -> 17.5 | E62: =SUM(E39:E61) -> 19.5 | F62: =SUM(F39:F61) -> 28.5 | G62: =SUM(G39:G61) -> 32.5 | H62: =SUM(H39:H61) -> 33.5
A64: Total # Teachers and instruction | B64: =B36+B41+B43+B50 -> 0 | C64: =C36+C41+C43+C50 -> 0 | D64: =D36+D41+D43+D50 -> 47 | E64: =E36+E41+E43+E50 -> 59 | F64: =F36+F41+F43+F50 -> 78 | G64: =G36+G41+G43+G50 -> 82 | H64: =H36+H41+H43+H50 -> 90
A65: Total # Admin & Support | B65: =B62-B41-B43-B50 -> 0 | C65: =C62-C41-C43-C50 -> 0 | D65: =D62-D41-D43-D50 -> 12.5 | E65: =E62-E41-E43-E50 -> 14.5 | F65: =F62-F41-F43-F50 -> 16.5 | G65: =G62-G41-G43-G50 -> 20.5 | H65: =H62-H41-H43-H50 -> 20.5
A66: Total Staff | B66: =SUM(B64:B65) -> 0 | C66: =SUM(C64:C65) -> 0 | D66: =SUM(D64:D65) -> 59.5 | E66: =SUM(E64:E65) -> 73.5 | F66: =SUM(F64:F65) -> 94.5 | G66: =SUM(G64:G65) -> 102.5 | H66: =SUM(H64:H65) -> 110.5
A68: Revenues | B68: =B1 -> 26-27 | C68: =C1 -> 27-28 | D68: =D1 -> 28-29 | E68: =E1 -> 29-30 | F68: =F1 -> 30-31 | G68: =G1 -> 31-32 | H68: =H1 -> 32-33
A69: Per Pupil (PCFP Funding) | D69: 8810146.2 | E69: 11359508 | F69: 14344954 | G69: 16313458 | H69: 17271337
A70: ELL | D70: 0 | E70: 325094.4 | F70: 419165.83 | G70: 529328.79 | H70: 601966.61
A71: GATE | D71: 0 | E71: 86691.839 | F71: 111777.55 | G71: 141154.34 | H71: 160524.43
A72: At-Risk | D72: 0 | E72: 0 | F72: 0 | G72: 0 | H72: 0
A73: Auxiliary
A74: Local SPED
A75: State SPED | D75: 0 | E75: 503880 | F75: 633840 | G75: 780900 | H75: 866400
A76: Federal SPED | D76: 0 | E76: 127538.92 | F76: 160433.58 | G76: 197656.48 | H76: 219297.7
A77: Interest Income | D77: 459602 | E77: 759602 | F77: 759602 | G77: 759602 | H77: 759602
A78: Grants | D78: 1006188 | E78: 807784 | F78: 9590 | G78: 10640 | H78: 10990
A79: In-Kind / Donations | D79: 0 | E79: 0 | F79: 0 | G79: 0 | H79: 0
A80: Student Generated (SGF) / PRE-K | D80: 1367200 | E80: 1394544 | F80: 2000800 | G80: 2040816 | H80: 2081632.3
A81: NSLP - Breakfast | D81: 0 | E81: 0 | F81: 0 | G81: 0 | H81: 0
A82: NSLP - Lunch | D82: 63648 | E82: 80064 | F82: 98640 | G82: 109440 | H82: 113040
A83: Total Revenues | B83: =SUM(B69:B82) -> 0 | C83: =SUM(C69:C82) -> 0 | D83: =SUM(D69:D82) -> 11706784 | E83: =SUM(E69:E82) -> 15444707 | F83: =SUM(F69:F82) -> 18538803 | G83: =SUM(G69:G82) -> 20882996 | H83: =SUM(H69:H82) -> 22084790
A85: Use of other funds | B85: =B1 -> 26-27 | C85: =C1 -> 27-28 | D85: =D1 -> 28-29 | E85: =E1 -> 29-30 | F85: =F1 -> 30-31 | G85: =G1 -> 31-32 | H85: =H1 -> 32-33
A86: Use of beginning Funds | D86: 0 | E86: 0 | F86: 0 | G86: 0 | H86: 0
A87: Borrowings (Bond Proceeds) | C87: 61965000 | D87: 0 | E87: 0 | F87: 0 | G87: 0 | H87: 0
A88: Project Funds | D88: 0 | E88: 0 | F88: 0 | G88: 0 | H88: 0
A89: Total Use of Other Funds | B89: =SUM(B86:B88) -> 0 | C89: =SUM(C86:C88) -> 61965000 | D89: =SUM(D86:D88) -> 0 | E89: =SUM(E86:E88) -> 0 | F89: =SUM(F86:F88) -> 0 | G89: =SUM(G86:G88) -> 0 | H89: =SUM(H86:H88) -> 0
A92: Personnel Expenditures | B92: =B1 -> 26-27 | C92: =C1 -> 27-28 | D92: =D1 -> 28-29 | E92: =E1 -> 29-30 | F92: =F1 -> 30-31 | G92: =G1 -> 31-32 | H92: =H1 -> 32-33
A93: Personnel - Support
A94: Principal | D94: 122400 | E94: 124848 | F94: 127344.96 | G94: 129891.86 | H94: 132489.7
A95: Asst. Principal | D95: 183600 | E95: 187272 | F95: 191017.44 | G95: 292256.68 | H95: 298101.82
A96: School Counselor | D96: 81600 | E96: 166464 | F96: 254689.92 | G96: 259783.72 | H96: 264979.39 | J96: =D96+D120+D121 -> 229500 | K96: =E96+E120+E121 -> 317322
A97: Social Worker/Mental Health | D97: 0 | E97: 0 | F97: 0 | G97: 0 | H97: 0 | J97: =J96*1.5375 -> 352856.25 | K97: =K96*1.5375 -> 487882.58
A98: Student Support / Dean | D98: 0 | E98: 0 | F98: 0 | G98: 0 | H98: 0 | J98: =J97+D148+D170+D183 -> 405356.25 | K98: =K97+E148+E170+E183 -> 565782.57
A99: Office Mgr. & Registrar / Banker | D99: 193800 | E99: 296514 | F99: 302444.28 | G99: 308493.17 | H99: 314663.03
A100: Office Asst / Receptionist | D100: 63840 | E100: 65116.8 | F100: 66419.136 | G100: 67747.519 | H100: 69102.469
A101: Parent Engagement Corr. | D101: 0 | E101: 0 | F101: 0 | G101: 0 | H101: 0
A102: Custodial/Security | D102: 31920 | E102: 32558.4 | F102: 66419.136 | G102: 135495.04 | H102: 138204.94
A103: NSLP Personnel | D103: 30400 | E103: 31008 | F103: 31628.16 | G103: 32260.723 | H103: 32905.938
A104: SPED OT / PT | D104: 0 | E104: 0 | F104: 0 | G104: 0 | H104: 0
A105: SPED Facilitator | D105: 40800 | E105: 41616 | F105: 42448.32 | G105: 43297.286 | H105: 44163.232
A106: Speech Path | D106: 0 | E106: 0 | F106: 0 | G106: 0 | H106: 0
A107: School Psych | D107: 0 | E107: 0 | F107: 0 | G107: 0 | H107: 0
A108: School Nurse | D108: 0 | E108: 0 | F108: 0 | G108: 0 | H108: 0
A109: IT | D109: 0 | E109: 0 | F109: 0 | G109: 0 | H109: 0
A110: Total Wages - Support | B110: =SUM(B94:B109) -> 0 | C110: =SUM(C94:C109) -> 0 | D110: =SUM(D94:D109) -> 748360 | E110: =SUM(E94:E109) -> 945397.2 | F110: =SUM(F94:F109) -> 1082411.4 | G110: =SUM(G94:G109) -> 1269226 | H110: =SUM(H94:H109) -> 1294610.5
A111: PERS - 36.75% | D111: =D110*0.3775 -> 282505.9 | E111: =E110*0.3775 -> 356887.44 | F111: =F110*0.3775 -> 408610.29 | G111: =G110*0.3775 -> 479132.81 | H111: =H110*0.3775 -> 488715.47
A112: Ins/ Taxes / Other Benefits | D112: 119737.6 | E112: 155990.54 | F112: 184009.93 | G112: 228460.68 | H112: 239502.94 | J112: =(D112+D111)/D110 -> 0.5375
A113: Retention | D113: =14750*0 -> 0 | E113: 18250 | F113: 20500 | G113: 24000 | H113: 24000
A114: Holiday | D114: 2400 | E114: 2700 | F114: 3000 | G114: 3450 | H114: 3450
A115: Stipends
A116: Tuition Reimbursements | D116: 0 | E116: 0 | F116: 0 | G116: 0 | H116: 0
A117: Total Benefits - Support | B117: =SUM(B111:B116) -> 0 | C117: =SUM(C111:C116) -> 0 | D117: =SUM(D111:D116) -> 404643.5 | E117: =SUM(E111:E116) -> 533827.98 | F117: =SUM(F111:F116) -> 616120.22 | G117: =SUM(G111:G116) -> 735043.49 | H117: =SUM(H111:H116) -> 755668.41
A119: Personnel - Instruction | B119: =B1 -> 26-27 | C119: =C1 -> 27-28 | D119: =D1 -> 28-29 | E119: =E1 -> 29-30 | F119: =F1 -> 30-31 | G119: =G1 -> 31-32 | H119: =H1 -> 32-33
...

Sheet DANN - Systemwide
A1: DANN - Systemwide | B1: 26-27 | C1: 27-28 | D1: 28-29 | E1: 29-30 | F1: 30-31 | G1: 31-32 | H1: 32-33
A2: Statewide Base (w/ District Adj) | B2: 9486 | C2: 9723 | D2: =C2*1.025 -> 9966.075 | E2: =D2*1.025 -> 10215.227 | F2: =E2*1.025 -> 10470.608 | G2: =F2*1.025 -> 10732.373 | H2: =G2*1.025 -> 11000.682
A3: Total Students (FTEs) | B3: =SUM(B4:B16) -> 990 | C3: =SUM(C4:C16) -> 990 | D3: =SUM(D4:D16) -> 1874 | E3: =SUM(E4:E16) -> 2102 | F3: =SUM(F4:F16) -> 2360 | G3: =SUM(G4:G16) -> 2510 | H3: =SUM(H4:H16) -> 2560
A4: Kinder | B4: ='DANN K-8'!B4+'SCEN. K12 No Phasing+CSP'!B4 -> 100 | C4: ='DANN K-8'!C4+'SCEN. K12 No Phasing+CSP'!C4 -> 100 | D4: ='DANN K-8'!D4+'SCEN. K12 No Phasing+CSP'!D4 -> 200 | E4: ='DANN K-8'!E4+'SCEN. K12 No Phasing+CSP'!E4 -> 200 | F4: ='DANN K-8'!F4+'SCEN. K12 No Phasing+CSP'!F4 -> 200 | G4: ='DANN K-8'!G4+'SCEN. K12 No Phasing+CSP'!G4 -> 200 | H4: ='DANN K-8'!H4+'SCEN. K12 No Phasing+CSP'!H4 -> 200
A5: 1st Grade | B5: ='DANN K-8'!B5+'SCEN. K12 No Phasing+CSP'!B5 -> 104 | C5: ='DANN K-8'!C5+'SCEN. K12 No Phasing+CSP'!C5 -> 104 | D5: ='DANN K-8'!D5+'SCEN. K12 No Phasing+CSP'!D5 -> 208 | E5: ='DANN K-8'!E5+'SCEN. K12 No Phasing+CSP'!E5 -> 208 | F5: ='DANN K-8'!F5+'SCEN. K12 No Phasing+CSP'!F5 -> 208 | G5: ='DANN K-8'!G5+'SCEN. K12 No Phasing+CSP'!G5 -> 208 | H5: ='DANN K-8'!H5+'SCEN. K12 No Phasing+CSP'!H5 -> 208
A6: 2nd Grade | B6: ='DANN K-8'!B6+'SCEN. K12 No Phasing+CSP'!B6 -> 104 | C6: ='DANN K-8'!C6+'SCEN. K12 No Phasing+CSP'!C6 -> 104 | D6: ='DANN K-8'!D6+'SCEN. K12 No Phasing+CSP'!D6 -> 208 | E6: ='DANN K-8'!E6+'SCEN. K12 No Phasing+CSP'!E6 -> 208 | F6: ='DANN K-8'!F6+'SCEN. K12 No Phasing+CSP'!F6 -> 208 | G6: ='DANN K-8'!G6+'SCEN. K12 No Phasing+CSP'!G6 -> 208 | H6: ='DANN K-8'!H6+'SCEN. K12 No Phasing+CSP'!H6 -> 208
A7: 3rd Grade | B7: ='DANN K-8'!B7+'SCEN. K12 No Phasing+CSP'!B7 -> 104 | C7: ='DANN K-8'!C7+'SCEN. K12 No Phasing+CSP'!C7 -> 104 | D7: ='DANN K-8'!D7+'SCEN. K12 No Phasing+CSP'!D7 -> 208 | E7: ='DANN K-8'!E7+'SCEN. K12 No Phasing+CSP'!E7 -> 208 | F7: ='DANN K-8'!F7+'SCEN. K12 No Phasing+CSP'!F7 -> 208 | G7: ='DANN K-8'!G7+'SCEN. K12 No Phasing+CSP'!G7 -> 208 | H7: ='DANN K-8'!H7+'SCEN. K12 No Phasing+CSP'!H7 -> 208
A8: 4th Grade | B8: ='DANN K-8'!B8+'SCEN. K12 No Phasing+CSP'!B8 -> 104 | C8: ='DANN K-8'!C8+'SCEN. K12 No Phasing+CSP'!C8 -> 104 | D8: ='DANN K-8'!D8+'SCEN. K12 No Phasing+CSP'!D8 -> 104 | E8: ='DANN K-8'!E8+'SCEN. K12 No Phasing+CSP'!E8 -> 208 | F8: ='DANN K-8'!F8+'SCEN. K12 No Phasing+CSP'!F8 -> 208 | G8: ='DANN K-8'!G8+'SCEN. K12 No Phasing+CSP'!G8 -> 208 | H8: ='DANN K-8'!H8+'SCEN. K12 No Phasing+CSP'!H8 -> 208
A9: 5th Grade | B9: ='DANN K-8'!B9+'SCEN. K12 No Phasing+CSP'!B9 -> 108 | C9: ='DANN K-8'!C9+'SCEN. K12 No Phasing+CSP'!C9 -> 108 | D9: ='DANN K-8'!D9+'SCEN. K12 No Phasing+CSP'!D9 -> 108 | E9: ='DANN K-8'!E9+'SCEN. K12 No Phasing+CSP'!E9 -> 108 | F9: ='DANN K-8'!F9+'SCEN. K12 No Phasing+CSP'!F9 -> 216 | G9: ='DANN K-8'!G9+'SCEN. K12 No Phasing+CSP'!G9 -> 216 | H9: ='DANN K-8'!H9+'SCEN. K12 No Phasing+CSP'!H9 -> 216
A10: 6th Grade | B10: ='DANN K-8'!B10+'SCEN. K12 No Phasing+CSP'!B10 -> 123 | C10: ='DANN K-8'!C10+'SCEN. K12 No Phasing+CSP'!C10 -> 123 | D10: ='DANN K-8'!D10+'SCEN. K12 No Phasing+CSP'!D10 -> 247 | E10: ='DANN K-8'!E10+'SCEN. K12 No Phasing+CSP'!E10 -> 247 | F10: ='DANN K-8'!F10+'SCEN. K12 No Phasing+CSP'!F10 -> 247 | G10: ='DANN K-8'!G10+'SCEN. K12 No Phasing+CSP'!G10 -> 247 | H10: ='DANN K-8'!H10+'SCEN. K12 No Phasing+CSP'!H10 -> 247
A11: 7th Grade | B11: ='DANN K-8'!B11+'SCEN. K12 No Phasing+CSP'!B11 -> 123 | C11: ='DANN K-8'!C11+'SCEN. K12 No Phasing+CSP'!C11 -> 123 | D11: ='DANN K-8'!D11+'SCEN. K12 No Phasing+CSP'!D11 -> 247 | E11: ='DANN K-8'!E11+'SCEN. K12 No Phasing+CSP'!E11 -> 247 | F11: ='DANN K-8'!F11+'SCEN. K12 No Phasing+CSP'!F11 -> 247 | G11: ='DANN K-8'!G11+'SCEN. K12 No Phasing+CSP'!G11 -> 247 | H11: ='DANN K-8'!H11+'SCEN. K12 No Phasing+CSP'!H11 -> 247
A12: 8th Grade | B12: ='DANN K-8'!B12+'SCEN. K12 No Phasing+CSP'!B12 -> 120 | C12: ='DANN K-8'!C12+'SCEN. K12 No Phasing+CSP'!C12 -> 120 | D12: ='DANN K-8'!D12+'SCEN. K12 No Phasing+CSP'!D12 -> 244 | E12: ='DANN K-8'!E12+'SCEN. K12 No Phasing+CSP'!E12 -> 244 | F12: ='DANN K-8'!F12+'SCEN. K12 No Phasing+CSP'!F12 -> 244 | G12: ='DANN K-8'!G12+'SCEN. K12 No Phasing+CSP'!G12 -> 244 | H12: ='DANN K-8'!H12+'SCEN. K12 No Phasing+CSP'!H12 -> 244
A13: 9th Grade | B13: ='DANN K-8'!B13+'SCEN. K12 No Phasing+CSP'!B13 -> 0 | C13: ='DANN K-8'!C13+'SCEN. K12 No Phasing+CSP'!C13 -> 0 | D13: ='DANN K-8'!D13+'SCEN. K12 No Phasing+CSP'!D13 -> 100 | E13: ='DANN K-8'!E13+'SCEN. K12 No Phasing+CSP'!E13 -> 124 | F13: ='DANN K-8'!F13+'SCEN. K12 No Phasing+CSP'!F13 -> 150 | G13: ='DANN K-8'!G13+'SCEN. K12 No Phasing+CSP'!G13 -> 150 | H13: ='DANN K-8'!H13+'SCEN. K12 No Phasing+CSP'!H13 -> 150
A14: 10th Grade | B14: ='DANN K-8'!B14+'SCEN. K12 No Phasing+CSP'!B14 -> 0 | C14: ='DANN K-8'!C14+'SCEN. K12 No Phasing+CSP'!C14 -> 0 | D14: ='DANN K-8'!D14+'SCEN. K12 No Phasing+CSP'!D14 -> 0 | E14: ='DANN K-8'!E14+'SCEN. K12 No Phasing+CSP'!E14 -> 100 | F14: ='DANN K-8'!F14+'SCEN. K12 No Phasing+CSP'!F14 -> 124 | G14: ='DANN K-8'!G14+'SCEN. K12 No Phasing+CSP'!G14 -> 150 | H14: ='DANN K-8'!H14+'SCEN. K12 No Phasing+CSP'!H14 -> 150
A15: 11th Grade | B15: ='DANN K-8'!B15+'SCEN. K12 No Phasing+CSP'!B15 -> 0 | C15: ='DANN K-8'!C15+'SCEN. K12 No Phasing+CSP'!C15 -> 0 | D15: ='DANN K-8'!D15+'SCEN. K12 No Phasing+CSP'!D15 -> 0 | E15: ='DANN K-8'!E15+'SCEN. K12 No Phasing+CSP'!E15 -> 0 | F15: ='DANN K-8'!F15+'SCEN. K12 No Phasing+CSP'!F15 -> 100 | G15: ='DANN K-8'!G15+'SCEN. K12 No Phasing+CSP'!G15 -> 124 | H15: ='DANN K-8'!H15+'SCEN. K12 No Phasing+CSP'!H15 -> 150
A16: 12th Grade | B16: ='DANN K-8'!B16+'SCEN. K12 No Phasing+CSP'!B16 -> 0 | C16: ='DANN K-8'!C16+'SCEN. K12 No Phasing+CSP'!C16 -> 0 | D16: ='DANN K-8'!D16+'SCEN. K12 No Phasing+CSP'!D16 -> 0 | E16: ='DANN K-8'!E16+'SCEN. K12 No Phasing+CSP'!E16 -> 0 | F16: ='DANN K-8'!F16+'SCEN. K12 No Phasing+CSP'!F16 -> 0 | G16: ='DANN K-8'!G16+'SCEN. K12 No Phasing+CSP'!G16 -> 100 | H16: ='DANN K-8'!H16+'SCEN. K12 No Phasing+CSP'!H16 -> 124
A17: Total Students (FTEs) | B17: =SUM(B4:B16) -> 990 | C17: =SUM(C4:C16) -> 990 | D17: =SUM(D4:D16) -> 1874 | E17: =SUM(E4:E16) -> 2102 | F17: =SUM(F4:F16) -> 2360 | G17: =SUM(G4:G16) -> 2510 | H17: =SUM(H4:H16) -> 2560
A20: Funding Based off of Prior Year Numbers | B20: =B1 -> 26-27 | C20: =C1 -> 27-28 | D20: =D1 -> 28-29 | E20: =E1 -> 29-30 | F20: =F1 -> 30-31 | G20: =G1 -> 31-32 | H20: =H1 -> 32-33
A21: SPED Count | B21: ='DANN K-8'!B21+'SCEN. K12 No Phasing+CSP'!B21 -> 100 | C21: ='DANN K-8'!C21+'SCEN. K12 No Phasing+CSP'!C21 -> 100 | D21: ='DANN K-8'!D21+'SCEN. K12 No Phasing+CSP'!D21 -> 100 | E21: ='DANN K-8'!E21+'SCEN. K12 No Phasing+CSP'!E21 -> 232.6 | F21: ='DANN K-8'!F21+'SCEN. K12 No Phasing+CSP'!F21 -> 266.8 | G21: ='DANN K-8'!G21+'SCEN. K12 No Phasing+CSP'!G21 -> 305.5 | H21: ='DANN K-8'!H21+'SCEN. K12 No Phasing+CSP'!H21 -> 328
A22: EL Count | B22: ='DANN K-8'!B22+'SCEN. K12 No Phasing+CSP'!B22 -> 11 | C22: ='DANN K-8'!C22+'SCEN. K12 No Phasing+CSP'!C22 -> 11 | D22: ='DANN K-8'!D22+'SCEN. K12 No Phasing+CSP'!D22 -> 11 | E22: ='DANN K-8'!E22+'SCEN. K12 No Phasing+CSP'!E22 -> 81.72 | F22: ='DANN K-8'!F22+'SCEN. K12 No Phasing+CSP'!F22 -> 99.96 | G22: ='DANN K-8'!G22+'SCEN. K12 No Phasing+CSP'!G22 -> 120.6 | H22: ='DANN K-8'!H22+'SCEN. K12 No Phasing+CSP'!H22 -> 132.6
A23: GATE Count | B23: ='DANN K-8'!B23+'SCEN. K12 No Phasing+CSP'!B23 -> 86 | C23: ='DANN K-8'!C23+'SCEN. K12 No Phasing+CSP'!C23 -> 86 | D23: ='DANN K-8'!D23+'SCEN. K12 No Phasing+CSP'!D23 -> 86 | E23: ='DANN K-8'!E23+'SCEN. K12 No Phasing+CSP'!E23 -> 156.72 | F23: ='DANN K-8'!F23+'SCEN. K12 No Phasing+CSP'!F23 -> 174.96 | G23: ='DANN K-8'!G23+'SCEN. K12 No Phasing+CSP'!G23 -> 195.6 | H23: ='DANN K-8'!H23+'SCEN. K12 No Phasing+CSP'!H23 -> 207.6
A24: At-Risk | B24: ='DANN K-8'!B24+'SCEN. K12 No Phasing+CSP'!B24 -> 0 | C24: ='DANN K-8'!C24+'SCEN. K12 No Phasing+CSP'!C24 -> 0 | D24: ='DANN K-8'!D24+'SCEN. K12 No Phasing+CSP'!D24 -> 0 | E24: ='DANN K-8'!E24+'SCEN. K12 No Phasing+CSP'!E24 -> 0 | F24: ='DANN K-8'!F24+'SCEN. K12 No Phasing+CSP'!F24 -> 0 | G24: ='DANN K-8'!G24+'SCEN. K12 No Phasing+CSP'!G24 -> 0 | H24: ='DANN K-8'!H24+'SCEN. K12 No Phasing+CSP'!H24 -> 0
A25: FRL % | B25: =AVERAGE('DANN K-8'!B25,'SCEN. K12 No Phasing+CSP'!B25) -> 0.076 | C25: =AVERAGE('DANN K-8'!C25,'SCEN. K12 No Phasing+CSP'!C25) -> 0.076 | D25: =AVERAGE('DANN K-8'!D25,'SCEN. K12 No Phasing+CSP'!D25) -> 0.088 | E25: =AVERAGE('DANN K-8'!E25,'SCEN. K12 No Phasing+CSP'!E25) -> 0.088 | F25: =AVERAGE('DANN K-8'!F25,'SCEN. K12 No Phasing+CSP'!F25) -> 0.088 | G25: =AVERAGE('DANN K-8'!G25,'SCEN. K12 No Phasing+CSP'!G25) -> 0.088 | H25: =AVERAGE('DANN K-8'!H25,'SCEN. K12 No Phasing+CSP'!H25) -> 0.088
A26: Teaching Staff | B26: =B1 -> 26-27 | C26: =C1 -> 27-28 | D26: =D1 -> 28-29 | E26: =E1 -> 29-30 | F26: =F1 -> 30-31 | G26: =G1 -> 31-32 | H26: =H1 -> 32-33
A27: Classroom Teachers | B27: ='DANN K-8'!B27+'SCEN. K12 No Phasing+CSP'!B27 -> 36 | C27: ='DANN K-8'!C27+'SCEN. K12 No Phasing+CSP'!C27 -> 36 | D27: ='DANN K-8'!D27+'SCEN. K12 No Phasing+CSP'!D27 -> 68 | E27: ='DANN K-8'!E27+'SCEN. K12 No Phasing+CSP'!E27 -> 77 | F27: ='DANN K-8'!F27+'SCEN. K12 No Phasing+CSP'!F27 -> 87 | G27: ='DANN K-8'!G27+'SCEN. K12 No Phasing+CSP'!G27 -> 89 | H27: ='DANN K-8'!H27+'SCEN. K12 No Phasing+CSP'!H27 -> 95
A28: SPED Teachers | B28: ='DANN K-8'!B28+'SCEN. K12 No Phasing+CSP'!B28 -> 3.5 | C28: ='DANN K-8'!C28+'SCEN. K12 No Phasing+CSP'!C28 -> 3.5 | D28: ='DANN K-8'!D28+'SCEN. K12 No Phasing+CSP'!D28 -> 7.5 | E28: ='DANN K-8'!E28+'SCEN. K12 No Phasing+CSP'!E28 -> 8.5 | F28: ='DANN K-8'!F28+'SCEN. K12 No Phasing+CSP'!F28 -> 9.5 | G28: ='DANN K-8'!G28+'SCEN. K12 No Phasing+CSP'!G28 -> 10.5 | H28: ='DANN K-8'!H28+'SCEN. K12 No Phasing+CSP'!H28 -> 11.5
A29: Art Teacher | B29: ='DANN K-8'!B29+'SCEN. K12 No Phasing+CSP'!B29 -> 0 | C29: ='DANN K-8'!C29+'SCEN. K12 No Phasing+CSP'!C29 -> 0 | D29: ='DANN K-8'!D29+'SCEN. K12 No Phasing+CSP'!D29 -> 0 | E29: ='DANN K-8'!E29+'SCEN. K12 No Phasing+CSP'!E29 -> 0 | F29: ='DANN K-8'!F29+'SCEN. K12 No Phasing+CSP'!F29 -> 0 | G29: ='DANN K-8'!G29+'SCEN. K12 No Phasing+CSP'!G29 -> 0 | H29: ='DANN K-8'!H29+'SCEN. K12 No Phasing+CSP'!H29 -> 0
A30: Music | B30: ='DANN K-8'!B30+'SCEN. K12 No Phasing+CSP'!B30 -> 0 | C30: ='DANN K-8'!C30+'SCEN. K12 No Phasing+CSP'!C30 -> 0 | D30: ='DANN K-8'!D30+'SCEN. K12 No Phasing+CSP'!D30 -> 0 | E30: ='DANN K-8'!E30+'SCEN. K12 No Phasing+CSP'!E30 -> 0 | F30: ='DANN K-8'!F30+'SCEN. K12 No Phasing+CSP'!F30 -> 0 | G30: ='DANN K-8'!G30+'SCEN. K12 No Phasing+CSP'!G30 -> 0 | H30: ='DANN K-8'!H30+'SCEN. K12 No Phasing+CSP'!H30 -> 0
A31: PE Teacher | B31: ='DANN K-8'!B31+'SCEN. K12 No Phasing+CSP'!B31 -> 0 | C31: ='DANN K-8'!C31+'SCEN. K12 No Phasing+CSP'!C31 -> 0 | D31: ='DANN K-8'!D31+'SCEN. K12 No Phasing+CSP'!D31 -> 0 | E31: ='DANN K-8'!E31+'SCEN. K12 No Phasing+CSP'!E31 -> 0 | F31: ='DANN K-8'!F31+'SCEN. K12 No Phasing+CSP'!F31 -> 0 | G31: ='DANN K-8'!G31+'SCEN. K12 No Phasing+CSP'!G31 -> 0 | H31: ='DANN K-8'!H31+'SCEN. K12 No Phasing+CSP'!H31 -> 0
A32: Technology (STEM) | B32: ='DANN K-8'!B32+'SCEN. K12 No Phasing+CSP'!B32 -> 0 | C32: ='DANN K-8'!C32+'SCEN. K12 No Phasing+CSP'!C32 -> 0 | D32: ='DANN K-8'!D32+'SCEN. K12 No Phasing+CSP'!D32 -> 0 | E32: ='DANN K-8'!E32+'SCEN. K12 No Phasing+CSP'!E32 -> 0 | F32: ='DANN K-8'!F32+'SCEN. K12 No Phasing+CSP'!F32 -> 0 | G32: ='DANN K-8'!G32+'SCEN. K12 No Phasing+CSP'!G32 -> 0 | H32: ='DANN K-8'!H32+'SCEN. K12 No Phasing+CSP'!H32 -> 0
A33: Spanish / Language | B33: ='DANN K-8'!B33+'SCEN. K12 No Phasing+CSP'!B33 -> 0 | C33: ='DANN K-8'!C33+'SCEN. K12 No Phasing+CSP'!C33 -> 0 | D33: ='DANN K-8'!D33+'SCEN. K12 No Phasing+CSP'!D33 -> 0 | E33: ='DANN K-8'!E33+'SCEN. K12 No Phasing+CSP'!E33 -> 0 | F33: ='DANN K-8'!F33+'SCEN. K12 No Phasing+CSP'!F33 -> 0 | G33: ='DANN K-8'!G33+'SCEN. K12 No Phasing+CSP'!G33 -> 0 | H33: ='DANN K-8'!H33+'SCEN. K12 No Phasing+CSP'!H33 -> 0
A34: Additional Elective Teachers | B34: ='DANN K-8'!B34+'SCEN. K12 No Phasing+CSP'!B34 -> 8 | C34: ='DANN K-8'!C34+'SCEN. K12 No Phasing+CSP'!C34 -> 8 | D34: ='DANN K-8'!D34+'SCEN. K12 No Phasing+CSP'!D34 -> 14 | E34: ='DANN K-8'!E34+'SCEN. K12 No Phasing+CSP'!E34 -> 16 | F34: ='DANN K-8'!F34+'SCEN. K12 No Phasing+CSP'!F34 -> 17 | G34: ='DANN K-8'!G34+'SCEN. K12 No Phasing+CSP'!G34 -> 18 | H34: ='DANN K-8'!H34+'SCEN. K12 No Phasing+CSP'!H34 -> 18
A35: Gate Teacher | B35: ='DANN K-8'!B35+'SCEN. K12 No Phasing+CSP'!B35 -> 0 | C35: ='DANN K-8'!C35+'SCEN. K12 No Phasing+CSP'!C35 -> 0 | D35: ='DANN K-8'!D35+'SCEN. K12 No Phasing+CSP'!D35 -> 0 | E35: ='DANN K-8'!E35+'SCEN. K12 No Phasing+CSP'!E35 -> 0 | F35: ='DANN K-8'!F35+'SCEN. K12 No Phasing+CSP'!F35 -> 0 | G35: ='DANN K-8'!G35+'SCEN. K12 No Phasing+CSP'!G35 -> 0 | H35: ='DANN K-8'!H35+'SCEN. K12 No Phasing+CSP'!H35 -> 0
A36: Total Teaching Staff | B36: =SUM(B27:B35) -> 47.5 | C36: =SUM(C27:C35) -> 47.5 | D36: =SUM(D27:D35) -> 89.5 | E36: =SUM(E27:E35) -> 101.5 | F36: =SUM(F27:F35) -> 113.5 | G36: =SUM(G27:G35) -> 117.5 | H36: =SUM(H27:H35) -> 124.5
A38: Admin & Support Staff | B38: =B1 -> 26-27 | C38: =C1 -> 27-28 | D38: =D1 -> 28-29 | E38: =E1 -> 29-30 | F38: =F1 -> 30-31 | G38: =G1 -> 31-32 | H38: =H1 -> 32-33
A39: Principal | B39: ='DANN K-8'!B39+'SCEN. K12 No Phasing+CSP'!B39 -> 1 | C39: ='DANN K-8'!C39+'SCEN. K12 No Phasing+CSP'!C39 -> 1 | D39: ='DANN K-8'!D39+'SCEN. K12 No Phasing+CSP'!D39 -> 2 | E39: ='DANN K-8'!E39+'SCEN. K12 No Phasing+CSP'!E39 -> 2 | F39: ='DANN K-8'!F39+'SCEN. K12 No Phasing+CSP'!F39 -> 2 | G39: ='DANN K-8'!G39+'SCEN. K12 No Phasing+CSP'!G39 -> 2 | H39: ='DANN K-8'!H39+'SCEN. K12 No Phasing+CSP'!H39 -> 2
A40: Assistant Principal | B40: ='DANN K-8'!B40+'SCEN. K12 No Phasing+CSP'!B40 -> 2 | C40: ='DANN K-8'!C40+'SCEN. K12 No Phasing+CSP'!C40 -> 2 | D40: ='DANN K-8'!D40+'SCEN. K12 No Phasing+CSP'!D40 -> 4 | E40: ='DANN K-8'!E40+'SCEN. K12 No Phasing+CSP'!E40 -> 4 | F40: ='DANN K-8'!F40+'SCEN. K12 No Phasing+CSP'!F40 -> 4 | G40: ='DANN K-8'!G40+'SCEN. K12 No Phasing+CSP'!G40 -> 5 | H40: ='DANN K-8'!H40+'SCEN. K12 No Phasing+CSP'!H40 -> 5
A41: Community Involvement/ELL Coordinator | B41: ='DANN K-8'!B41+'SCEN. K12 No Phasing+CSP'!B41 -> 0 | C41: ='DANN K-8'!C41+'SCEN. K12 No Phasing+CSP'!C41 -> 0 | D41: ='DANN K-8'!D41+'SCEN. K12 No Phasing+CSP'!D41 -> 1 | E41: ='DANN K-8'!E41+'SCEN. K12 No Phasing+CSP'!E41 -> 1 | F41: ='DANN K-8'!F41+'SCEN. K12 No Phasing+CSP'!F41 -> 1 | G41: ='DANN K-8'!G41+'SCEN. K12 No Phasing+CSP'!G41 -> 1 | H41: ='DANN K-8'!H41+'SCEN. K12 No Phasing+CSP'!H41 -> 1
A42: Dean | B42: ='DANN K-8'!B42+'SCEN. K12 No Phasing+CSP'!B42 -> 1 | C42: ='DANN K-8'!C42+'SCEN. K12 No Phasing+CSP'!C42 -> 1 | D42: ='DANN K-8'!D42+'SCEN. K12 No Phasing+CSP'!D42 -> 1 | E42: ='DANN K-8'!E42+'SCEN. K12 No Phasing+CSP'!E42 -> 1 | F42: ='DANN K-8'!F42+'SCEN. K12 No Phasing+CSP'!F42 -> 1 | G42: ='DANN K-8'!G42+'SCEN. K12 No Phasing+CSP'!G42 -> 1 | H42: ='DANN K-8'!H42+'SCEN. K12 No Phasing+CSP'!H42 -> 1
A43: Curriculum Coach | B43: ='DANN K-8'!B43+'SCEN. K12 No Phasing+CSP'!B43 -> 1 | C43: ='DANN K-8'!C43+'SCEN. K12 No Phasing+CSP'!C43 -> 1 | D43: ='DANN K-8'!D43+'SCEN. K12 No Phasing+CSP'!D43 -> 2 | E43: ='DANN K-8'!E43+'SCEN. K12 No Phasing+CSP'!E43 -> 2 | F43: ='DANN K-8'!F43+'SCEN. K12 No Phasing+CSP'!F43 -> 3 | G43: ='DANN K-8'!G43+'SCEN. K12 No Phasing+CSP'!G43 -> 3 | H43: ='DANN K-8'!H43+'SCEN. K12 No Phasing+CSP'!H43 -> 3
A44: School Counselor | B44: ='DANN K-8'!B44+'SCEN. K12 No Phasing+CSP'!B44 -> 1.5 | C44: ='DANN K-8'!C44+'SCEN. K12 No Phasing+CSP'!C44 -> 1.5 | D44: ='DANN K-8'!D44+'SCEN. K12 No Phasing+CSP'!D44 -> 2.5 | E44: ='DANN K-8'!E44+'SCEN. K12 No Phasing+CSP'!E44 -> 3.5 | F44: ='DANN K-8'!F44+'SCEN. K12 No Phasing+CSP'!F44 -> 4.5 | G44: ='DANN K-8'!G44+'SCEN. K12 No Phasing+CSP'!G44 -> 4.5 | H44: ='DANN K-8'!H44+'SCEN. K12 No Phasing+CSP'!H44 -> 4.5
A45: Social Worker/ Mental Health | B45: ='DANN K-8'!B45+'SCEN. K12 No Phasing+CSP'!B45 -> 1 | C45: ='DANN K-8'!C45+'SCEN. K12 No Phasing+CSP'!C45 -> 1 | D45: ='DANN K-8'!D45+'SCEN. K12 No Phasing+CSP'!D45 -> 1 | E45: ='DANN K-8'!E45+'SCEN. K12 No Phasing+CSP'!E45 -> 1 | F45: ='DANN K-8'!F45+'SCEN. K12 No Phasing+CSP'!F45 -> 1 | G45: ='DANN K-8'!G45+'SCEN. K12 No Phasing+CSP'!G45 -> 1 | H45: ='DANN K-8'!H45+'SCEN. K12 No Phasing+CSP'!H45 -> 1
A46: Office Manager/Banker | B46: ='DANN K-8'!B46+'SCEN. K12 No Phasing+CSP'!B46 -> 2 | C46: ='DANN K-8'!C46+'SCEN. K12 No Phasing+CSP'!C46 -> 2 | D46: ='DANN K-8'!D46+'SCEN. K12 No Phasing+CSP'!D46 -> 3 | E46: ='DANN K-8'!E46+'SCEN. K12 No Phasing+CSP'!E46 -> 4 | F46: ='DANN K-8'!F46+'SCEN. K12 No Phasing+CSP'!F46 -> 4 | G46: ='DANN K-8'!G46+'SCEN. K12 No Phasing+CSP'!G46 -> 4 | H46: ='DANN K-8'!H46+'SCEN. K12 No Phasing+CSP'!H46 -> 4
A47: Registrar | B47: ='DANN K-8'!B47+'SCEN. K12 No Phasing+CSP'!B47 -> 1 | C47: ='DANN K-8'!C47+'SCEN. K12 No Phasing+CSP'!C47 -> 1 | D47: ='DANN K-8'!D47+'SCEN. K12 No Phasing+CSP'!D47 -> 2 | E47: ='DANN K-8'!E47+'SCEN. K12 No Phasing+CSP'!E47 -> 2 | F47: ='DANN K-8'!F47+'SCEN. K12 No Phasing+CSP'!F47 -> 2 | G47: ='DANN K-8'!G47+'SCEN. K12 No Phasing+CSP'!G47 -> 2 | H47: ='DANN K-8'!H47+'SCEN. K12 No Phasing+CSP'!H47 -> 2
A48: Clinic Aide/ FASA | B48: ='DANN K-8'!B48+'SCEN. K12 No Phasing+CSP'!B48 -> 1 | C48: ='DANN K-8'!C48+'SCEN. K12 No Phasing+CSP'!C48 -> 1 | D48: ='DANN K-8'!D48+'SCEN. K12 No Phasing+CSP'!D48 -> 2 | E48: ='DANN K-8'!E48+'SCEN. K12 No Phasing+CSP'!E48 -> 2 | F48: ='DANN K-8'!F48+'SCEN. K12 No Phasing+CSP'!F48 -> 2 | G48: ='DANN K-8'!G48+'SCEN. K12 No Phasing+CSP'!G48 -> 2 | H48: ='DANN K-8'!H48+'SCEN. K12 No Phasing+CSP'!H48 -> 2
A49: Receptionist | B49: ='DANN K-8'!B49+'SCEN. K12 No Phasing+CSP'!B49 -> 2 | C49: ='DANN K-8'!C49+'SCEN. K12 No Phasing+CSP'!C49 -> 2 | D49: ='DANN K-8'!D49+'SCEN. K12 No Phasing+CSP'!D49 -> 3 | E49: ='DANN K-8'!E49+'SCEN. K12 No Phasing+CSP'!E49 -> 3 | F49: ='DANN K-8'!F49+'SCEN. K12 No Phasing+CSP'!F49 -> 3 | G49: ='DANN K-8'!G49+'SCEN. K12 No Phasing+CSP'!G49 -> 3 | H49: ='DANN K-8'!H49+'SCEN. K12 No Phasing+CSP'!H49 -> 3
A50: Teacher Assistants | B50: ='DANN K-8'!B50+'SCEN. K12 No Phasing+CSP'!B50 -> 10.33 | C50: ='DANN K-8'!C50+'SCEN. K12 No Phasing+CSP'!C50 -> 10.33 | D50: ='DANN K-8'!D50+'SCEN. K12 No Phasing+CSP'!D50 -> 13.33 | E50: ='DANN K-8'!E50+'SCEN. K12 No Phasing+CSP'!E50 -> 13.33 | F50: ='DANN K-8'!F50+'SCEN. K12 No Phasing+CSP'!F50 -> 19.33 | G50: ='DANN K-8'!G50+'SCEN. K12 No Phasing+CSP'!G50 -> 19.33 | H50: ='DANN K-8'!H50+'SCEN. K12 No Phasing+CSP'!H50 -> 20.33
... A61: Other: IT | B61: ='DANN K-8'!B61+'SCEN. K12 No Phasing+CSP'!B61 -> 0 | C61: ='DANN K-8'!C61+'SCEN. K12 No Phasing+CSP'!C61 -> 0 | D61: ='DANN K-8'!D61+'SCEN. K12 No Phasing+CSP'!D61 -> 0 | E61: ='DANN K-8'!E61+'SCEN. K12 No Phasing+CSP'!E61 -> 0 | F61: ='DANN K-8'!F61+'SCEN. K12 No Phasing+CSP'!F61 -> 0 | G61: ='DANN K-8'!G61+'SCEN. K12 No Phasing+CSP'!G61 -> 0 | H61: ='DANN K-8'!H61+'SCEN. K12 No Phasing+CSP'!H61 -> 0
A62: Total Admin & Support Staff | B62: =SUM(B39:B61) -> 31.08 | C62: =SUM(C39:C61) -> 31.08 | D62: =SUM(D39:D61) -> 48.58 | E62: =SUM(E39:E61) -> 50.58 | F62: =SUM(F39:F61) -> 59.58 | G62: =SUM(G39:G61) -> 63.58 | H62: =SUM(H39:H61) -> 64.58
A64: Total # Teachers and instruction | B64: =B36+B41+B43+B50 -> 58.83 | C64: =C36+C41+C43+C50 -> 58.83 | D64: =D36+D41+D43+D50 -> 105.83 | E64: =E36+E41+E43+E50 -> 117.83 | F64: =F36+F41+F43+F50 -> 136.83 | G64: =G36+G41+G43+G50 -> 140.83 | H64: =H36+H41+H43+H50 -> 148.83
A65: Total # Admin & Support | B65: =B62-B41-B43-B50 -> 19.75 | C65: =C62-C41-C43-C50 -> 19.75 | D65: =D62-D41-D43-D50 -> 32.25 | E65: =E62-E41-E43-E50 -> 34.25 | F65: =F62-F41-F43-F50 -> 36.25 | G65: =G62-G41-G43-G50 -> 40.25 | H65: =H62-H41-H43-H50 -> 40.25
A66: Total Staff | B66: =SUM(B64:B65) -> 78.58 | C66: =SUM(C64:C65) -> 78.58 | D66: =SUM(D64:D65) -> 138.08 | E66: =SUM(E64:E65) -> 152.08 | F66: =SUM(F64:F65) -> 173.08 | G66: =SUM(G64:G65) -> 181.08 | H66: =SUM(H64:H65) -> 189.08
A68: Revenues | B68: =B1 -> 26-27 | C68: =C1 -> 27-28 | D68: =D1 -> 28-29 | E68: =E1 -> 29-30 | F68: =F1 -> 30-31 | G68: =G1 -> 31-32 | H68: =H1 -> 32-33
A69: Per Pupil (PCFP Funding) | B69: ='DANN K-8'!B69+'SCEN. K12 No Phasing+CSP'!B69 -> 9391140 | C69: ='DANN K-8'!C69+'SCEN. K12 No Phasing+CSP'!C69 -> 9625770 | D69: ='DANN K-8'!D69+'SCEN. K12 No Phasing+CSP'!D69 -> 18676560 | E69: ='DANN K-8'!E69+'SCEN. K12 No Phasing+CSP'!E69 -> 21472582 | F69: ='DANN K-8'!F69+'SCEN. K12 No Phasing+CSP'!F69 -> 24710855 | G69: ='DANN K-8'!G69+'SCEN. K12 No Phasing+CSP'!G69 -> 26938507 | H69: ='DANN K-8'!H69+'SCEN. K12 No Phasing+CSP'!H69 -> 28162013
A70: ELL | B70: ='DANN K-8'!B70+'SCEN. K12 No Phasing+CSP'!B70 -> 46948 | C70: ='DANN K-8'!C70+'SCEN. K12 No Phasing+CSP'!C70 -> 48107.459 | D70: ='DANN K-8'!D70+'SCEN. K12 No Phasing+CSP'!D70 -> 49310.146 | E70: ='DANN K-8'!E70+'SCEN. K12 No Phasing+CSP'!E70 -> 375637.29 | F70: ='DANN K-8'!F70+'SCEN. K12 No Phasing+CSP'!F70 -> 470972.3 | G70: ='DANN K-8'!G70+'SCEN. K12 No Phasing+CSP'!G70 -> 582430.42 | H70: ='DANN K-8'!H70+'SCEN. K12 No Phasing+CSP'!H70 -> 656395.78
A71: GATE | B71: ='DANN K-8'!B71+'SCEN. K12 No Phasing+CSP'!B71 -> 97868 | C71: ='DANN K-8'!C71+'SCEN. K12 No Phasing+CSP'!C71 -> 100174.12 | D71: ='DANN K-8'!D71+'SCEN. K12 No Phasing+CSP'!D71 -> 102678.48 | E71: ='DANN K-8'!E71+'SCEN. K12 No Phasing+CSP'!E71 -> 191937.28 | F71: ='DANN K-8'!F71+'SCEN. K12 No Phasing+CSP'!F71 -> 219654.13 | G71: ='DANN K-8'!G71+'SCEN. K12 No Phasing+CSP'!G71 -> 251727.83 | H71: ='DANN K-8'!H71+'SCEN. K12 No Phasing+CSP'!H71 -> 273862.26
A72: At-Risk | B72: ='DANN K-8'!B72+'SCEN. K12 No Phasing+CSP'!B72 -> 0 | C72: ='DANN K-8'!C72+'SCEN. K12 No Phasing+CSP'!C72 -> 0 | D72: ='DANN K-8'!D72+'SCEN. K12 No Phasing+CSP'!D72 -> 0 | E72: ='DANN K-8'!E72+'SCEN. K12 No Phasing+CSP'!E72 -> 0 | F72: ='DANN K-8'!F72+'SCEN. K12 No Phasing+CSP'!F72 -> 0 | G72: ='DANN K-8'!G72+'SCEN. K12 No Phasing+CSP'!G72 -> 0 | H72: ='DANN K-8'!H72+'SCEN. K12 No Phasing+CSP'!H72 -> 0
A73: Auxiliary | B73: ='DANN K-8'!B73+'SCEN. K12 No Phasing+CSP'!B73 -> 231164 | C73: ='DANN K-8'!C73+'SCEN. K12 No Phasing+CSP'!C73 -> 231164 | D73: ='DANN K-8'!D73+'SCEN. K12 No Phasing+CSP'!D73 -> 231164 | E73: ='DANN K-8'!E73+'SCEN. K12 No Phasing+CSP'!E73 -> 231164 | F73: ='DANN K-8'!F73+'SCEN. K12 No Phasing+CSP'!F73 -> 231164 | G73: ='DANN K-8'!G73+'SCEN. K12 No Phasing+CSP'!G73 -> 231164 | H73: ='DANN K-8'!H73+'SCEN. K12 No Phasing+CSP'!H73 -> 231164
A74: Local SPED | B74: ='DANN K-8'!B74+'SCEN. K12 No Phasing+CSP'!B74 -> 85050 | C74: ='DANN K-8'!C74+'SCEN. K12 No Phasing+CSP'!C74 -> 85050 | D74: ='DANN K-8'!D74+'SCEN. K12 No Phasing+CSP'!D74 -> 85050 | E74: ='DANN K-8'!E74+'SCEN. K12 No Phasing+CSP'!E74 -> 85050 | F74: ='DANN K-8'!F74+'SCEN. K12 No Phasing+CSP'!F74 -> 85050 | G74: ='DANN K-8'!G74+'SCEN. K12 No Phasing+CSP'!G74 -> 85050 | H74: ='DANN K-8'!H74+'SCEN. K12 No Phasing+CSP'!H74 -> 85050
A75: State SPED | B75: ='DANN K-8'!B75+'SCEN. K12 No Phasing+CSP'!B75 -> 373600 | C75: ='DANN K-8'!C75+'SCEN. K12 No Phasing+CSP'!C75 -> 391400 | D75: ='DANN K-8'!D75+'SCEN. K12 No Phasing+CSP'!D75 -> 401700 | E75: ='DANN K-8'!E75+'SCEN. K12 No Phasing+CSP'!E75 -> 915880 | F75: ='DANN K-8'!F75+'SCEN. K12 No Phasing+CSP'!F75 -> 1056140 | G75: ='DANN K-8'!G75+'SCEN. K12 No Phasing+CSP'!G75 -> 1213500 | H75: ='DANN K-8'!H75+'SCEN. K12 No Phasing+CSP'!H75 -> 1299000
A76: Federal SPED | B76: ='DANN K-8'!B76+'SCEN. K12 No Phasing+CSP'!B76 -> 126295 | C76: ='DANN K-8'!C76+'SCEN. K12 No Phasing+CSP'!C76 -> 126295 | D76: ='DANN K-8'!D76+'SCEN. K12 No Phasing+CSP'!D76 -> 126295 | E76: ='DANN K-8'!E76+'SCEN. K12 No Phasing+CSP'!E76 -> 253833.92 | F76: ='DANN K-8'!F76+'SCEN. K12 No Phasing+CSP'!F76 -> 286728.58 | G76: ='DANN K-8'!G76+'SCEN. K12 No Phasing+CSP'!G76 -> 323951.48 | H76: ='DANN K-8'!H76+'SCEN. K12 No Phasing+CSP'!H76 -> 345592.7
A77: Interest Income | B77: ='DANN K-8'!B77+'SCEN. K12 No Phasing+CSP'!B77 -> 230000 | C77: ='DANN K-8'!C77+'SCEN. K12 No Phasing+CSP'!C77 -> 230000 | D77: ='DANN K-8'!D77+'SCEN. K12 No Phasing+CSP'!D77 -> 689602 | E77: ='DANN K-8'!E77+'SCEN. K12 No Phasing+CSP'!E77 -> 989602 | F77: ='DANN K-8'!F77+'SCEN. K12 No Phasing+CSP'!F77 -> 989602 | G77: ='DANN K-8'!G77+'SCEN. K12 No Phasing+CSP'!G77 -> 989602 | H77: ='DANN K-8'!H77+'SCEN. K12 No Phasing+CSP'!H77 -> 989602
A78: Grants | B78: ='DANN K-8'!B78+'SCEN. K12 No Phasing+CSP'!B78 -> 7522 | C78: ='DANN K-8'!C78+'SCEN. K12 No Phasing+CSP'!C78 -> 7305 | D78: ='DANN K-8'!D78+'SCEN. K12 No Phasing+CSP'!D78 -> 1013493 | E78: ='DANN K-8'!E78+'SCEN. K12 No Phasing+CSP'!E78 -> 815089 | F78: ='DANN K-8'!F78+'SCEN. K12 No Phasing+CSP'!F78 -> 16895 | G78: ='DANN K-8'!G78+'SCEN. K12 No Phasing+CSP'!G78 -> 17945 | H78: ='DANN K-8'!H78+'SCEN. K12 No Phasing+CSP'!H78 -> 18295
A79: In-Kind / Donations | B79: ='DANN K-8'!B79+'SCEN. K12 No Phasing+CSP'!B79 -> 0 | C79: ='DANN K-8'!C79+'SCEN. K12 No Phasing+CSP'!C79 -> 0 | D79: ='DANN K-8'!D79+'SCEN. K12 No Phasing+CSP'!D79 -> 0 | E79: ='DANN K-8'!E79+'SCEN. K12 No Phasing+CSP'!E79 -> 0 | F79: ='DANN K-8'!F79+'SCEN. K12 No Phasing+CSP'!F79 -> 0 | G79: ='DANN K-8'!G79+'SCEN. K12 No Phasing+CSP'!G79 -> 0 | H79: ='DANN K-8'!H79+'SCEN. K12 No Phasing+CSP'!H79 -> 0
A80: Student Generated (SGF) / PRE-K | B80: ='DANN K-8'!B80+'SCEN. K12 No Phasing+CSP'!B80 -> 350000 | C80: ='DANN K-8'!C80+'SCEN. K12 No Phasing+CSP'!C80 -> 350000 | D80: ='DANN K-8'!D80+'SCEN. K12 No Phasing+CSP'!D80 -> 1717200 | E80: ='DANN K-8'!E80+'SCEN. K12 No Phasing+CSP'!E80 -> 1744544 | F80: ='DANN K-8'!F80+'SCEN. K12 No Phasing+CSP'!F80 -> 2350800 | G80: ='DANN K-8'!G80+'SCEN. K12 No Phasing+CSP'!G80 -> 2390816 | H80: ='DANN K-8'!H80+'SCEN. K12 No Phasing+CSP'!H80 -> 2431632.3
... A82: NSLP - Lunch | B82: ='DANN K-8'!B82+'SCEN. K12 No Phasing+CSP'!B82 -> 125118 | C82: ='DANN K-8'!C82+'SCEN. K12 No Phasing+CSP'!C82 -> 126378 | D82: ='DANN K-8'!D82+'SCEN. K12 No Phasing+CSP'!D82 -> 191286 | E82: ='DANN K-8'!E82+'SCEN. K12 No Phasing+CSP'!E82 -> 208962 | F82: ='DANN K-8'!F82+'SCEN. K12 No Phasing+CSP'!F82 -> 228798 | G82: ='DANN K-8'!G82+'SCEN. K12 No Phasing+CSP'!G82 -> 240858 | H82: ='DANN K-8'!H82+'SCEN. K12 No Phasing+CSP'!H82 -> 247086.36
A83: Total Revenues | B83: =SUM(B69:B82) -> 11064705 | C83: =SUM(C69:C82) -> 11321644 | D83: =SUM(D69:D82) -> 23284339 | E83: =SUM(E69:E82) -> 27284282 | F83: =SUM(F69:F82) -> 30646659 | G83: =SUM(G69:G82) -> 33265552 | H83: =SUM(H69:H82) -> 34739693
A85: Use of other funds | B85: =B1 -> 26-27 | C85: =C1 -> 27-28 | D85: =D1 -> 28-29 | E85: =E1 -> 29-30 | F85: =F1 -> 30-31 | G85: =G1 -> 31-32 | H85: =H1 -> 32-33
A86: Use of beginning Funds | B86: ='DANN K-8'!B86+'SCEN. K12 No Phasing+CSP'!B86 -> 125000 | C86: ='DANN K-8'!C86+'SCEN. K12 No Phasing+CSP'!C86 -> 0 | D86: ='DANN K-8'!D86+'SCEN. K12 No Phasing+CSP'!D86 -> 0 | E86: ='DANN K-8'!E86+'SCEN. K12 No Phasing+CSP'!E86 -> 0 | F86: ='DANN K-8'!F86+'SCEN. K12 No Phasing+CSP'!F86 -> 0 | G86: ='DANN K-8'!G86+'SCEN. K12 No Phasing+CSP'!G86 -> 0 | H86: ='DANN K-8'!H86+'SCEN. K12 No Phasing+CSP'!H86 -> 0
A87: Borrowings (Bond Proceeds) | B87: ='DANN K-8'!B87+'SCEN. K12 No Phasing+CSP'!B87 -> 0 | C87: ='DANN K-8'!C87+'SCEN. K12 No Phasing+CSP'!C87 -> 61965000 | D87: ='DANN K-8'!D87+'SCEN. K12 No Phasing+CSP'!D87 -> 0 | E87: ='DANN K-8'!E87+'SCEN. K12 No Phasing+CSP'!E87 -> 0 | F87: ='DANN K-8'!F87+'SCEN. K12 No Phasing+CSP'!F87 -> 0 | G87: ='DANN K-8'!G87+'SCEN. K12 No Phasing+CSP'!G87 -> 0 | H87: ='DANN K-8'!H87+'SCEN. K12 No Phasing+CSP'!H87 -> 0
A88: Project Funds | B88: ='DANN K-8'!B88+'SCEN. K12 No Phasing+CSP'!B88 -> 0 | C88: ='DANN K-8'!C88+'SCEN. K12 No Phasing+CSP'!C88 -> 0 | D88: ='DANN K-8'!D88+'SCEN. K12 No Phasing+CSP'!D88 -> 0 | E88: ='DANN K-8'!E88+'SCEN. K12 No Phasing+CSP'!E88 -> 0 | F88: ='DANN K-8'!F88+'SCEN. K12 No Phasing+CSP'!F88 -> 0 | G88: ='DANN K-8'!G88+'SCEN. K12 No Phasing+CSP'!G88 -> 0 | H88: ='DANN K-8'!H88+'SCEN. K12 No Phasing+CSP'!H88 -> 0
A89: Total Use of Other Funds | B89: =SUM(B86:B88) -> 125000 | C89: =SUM(C86:C88) -> 61965000 | D89: =SUM(D86:D88) -> 0 | E89: =SUM(E86:E88) -> 0 | F89: =SUM(F86:F88) -> 0 | G89: =SUM(G86:G88) -> 0 | H89: =SUM(H86:H88) -> 0
A92: Personnel Expenditures | B92: =B1 -> 26-27 | C92: =C1 -> 27-28 | D92: =D1 -> 28-29 | E92: =E1 -> 29-30 | F92: =F1 -> 30-31 | G92: =G1 -> 31-32 | H92: =H1 -> 32-33
A93: Personnel - Support
A94: Principal | B94: ='DANN K-8'!B94+'SCEN. K12 No Phasing+CSP'!B94 -> 171700 | C94: ='DANN K-8'!C94+'SCEN. K12 No Phasing+CSP'!C94 -> 140000 | D94: ='DANN K-8'!D94+'SCEN. K12 No Phasing+CSP'!D94 -> 264500 | E94: ='DANN K-8'!E94+'SCEN. K12 No Phasing+CSP'!E94 -> 268653.2 | F94: ='DANN K-8'!F94+'SCEN. K12 No Phasing+CSP'!F94 -> 272875.82 | G94: ='DANN K-8'!G94+'SCEN. K12 No Phasing+CSP'!G94 -> 277605.68 | H94: ='DANN K-8'!H94+'SCEN. K12 No Phasing+CSP'!H94 -> 281976.09
A95: Asst. Principal | B95: ='DANN K-8'!B95+'SCEN. K12 No Phasing+CSP'!B95 -> 217150 | C95: ='DANN K-8'!C95+'SCEN. K12 No Phasing+CSP'!C95 -> 219755.8 | D95: ='DANN K-8'!D95+'SCEN. K12 No Phasing+CSP'!D95 -> 406652.14 | E95: ='DANN K-8'!E95+'SCEN. K12 No Phasing+CSP'!E95 -> 413000.76 | F95: ='DANN K-8'!F95+'SCEN. K12 No Phasing+CSP'!F95 -> 419454.95 | G95: ='DANN K-8'!G95+'SCEN. K12 No Phasing+CSP'!G95 -> 524120.75 | H95: ='DANN K-8'!H95+'SCEN. K12 No Phasing+CSP'!H95 -> 532748.26
A96: School Counselor | B96: ='DANN K-8'!B96+'SCEN. K12 No Phasing+CSP'!B96 -> 124924 | C96: ='DANN K-8'!C96+'SCEN. K12 No Phasing+CSP'!C96 -> 126696.81 | D96: ='DANN K-8'!D96+'SCEN. K12 No Phasing+CSP'!D96 -> 210355.09 | E96: ='DANN K-8'!E96+'SCEN. K12 No Phasing+CSP'!E96 -> 297020.83 | F96: ='DANN K-8'!F96+'SCEN. K12 No Phasing+CSP'!F96 -> 387061.8 | G96: ='DANN K-8'!G96+'SCEN. K12 No Phasing+CSP'!G96 -> 394267.78 | H96: ='DANN K-8'!H96+'SCEN. K12 No Phasing+CSP'!H96 -> 401077.27
A97: Social Worker/Mental Health | B97: ='DANN K-8'!B97+'SCEN. K12 No Phasing+CSP'!B97 -> 60600 | C97: ='DANN K-8'!C97+'SCEN. K12 No Phasing+CSP'!C97 -> 61327.2 | D97: ='DANN K-8'!D97+'SCEN. K12 No Phasing+CSP'!D97 -> 62247.108 | E97: ='DANN K-8'!E97+'SCEN. K12 No Phasing+CSP'!E97 -> 62994.073 | F97: ='DANN K-8'!F97+'SCEN. K12 No Phasing+CSP'!F97 -> 63750.002 | G97: ='DANN K-8'!G97+'SCEN. K12 No Phasing+CSP'!G97 -> 64706.252 | H97: ='DANN K-8'!H97+'SCEN. K12 No Phasing+CSP'!H97 -> 65482.727
A98: Student Support / Dean | B98: ='DANN K-8'!B98+'SCEN. K12 No Phasing+CSP'!B98 -> 58580 | C98: ='DANN K-8'!C98+'SCEN. K12 No Phasing+CSP'!C98 -> 59282.96 | D98: ='DANN K-8'!D98+'SCEN. K12 No Phasing+CSP'!D98 -> 60172.204 | E98: ='DANN K-8'!E98+'SCEN. K12 No Phasing+CSP'!E98 -> 60894.271 | F98: ='DANN K-8'!F98+'SCEN. K12 No Phasing+CSP'!F98 -> 61625.002 | G98: ='DANN K-8'!G98+'SCEN. K12 No Phasing+CSP'!G98 -> 62549.377 | H98: ='DANN K-8'!H98+'SCEN. K12 No Phasing+CSP'!H98 -> 63299.97
A99: Office Mgr. & Registrar / Banker | B99: ='DANN K-8'!B99+'SCEN. K12 No Phasing+CSP'!B99 -> 175801 | C99: ='DANN K-8'!C99+'SCEN. K12 No Phasing+CSP'!C99 -> 176826.76 | D99: ='DANN K-8'!D99+'SCEN. K12 No Phasing+CSP'!D99 -> 373279.16 | E99: ='DANN K-8'!E99+'SCEN. K12 No Phasing+CSP'!E99 -> 478146.91 | F99: ='DANN K-8'!F99+'SCEN. K12 No Phasing+CSP'!F99 -> 486256.79 | G99: ='DANN K-8'!G99+'SCEN. K12 No Phasing+CSP'!G99 -> 495062.86 | H99: ='DANN K-8'!H99+'SCEN. K12 No Phasing+CSP'!H99 -> 503471.56
A100: Office Asst / Receptionist | B100: ='DANN K-8'!B100+'SCEN. K12 No Phasing+CSP'!B100 -> 92958.75 | C100: ='DANN K-8'!C100+'SCEN. K12 No Phasing+CSP'!C100 -> 93969.375 | D100: ='DANN K-8'!D100+'SCEN. K12 No Phasing+CSP'!D100 -> 159900.62 | E100: ='DANN K-8'!E100+'SCEN. K12 No Phasing+CSP'!E100 -> 163268.67 | F100: ='DANN K-8'!F100+'SCEN. K12 No Phasing+CSP'!F100 -> 166662.26 | G100: ='DANN K-8'!G100+'SCEN. K12 No Phasing+CSP'!G100 -> 170081.89 | H100: ='DANN K-8'!H100+'SCEN. K12 No Phasing+CSP'!H100 -> 172664.86
A101: Parent Engagement Corr. | B101: ='DANN K-8'!B101+'SCEN. K12 No Phasing+CSP'!B101 -> 0 | C101: ='DANN K-8'!C101+'SCEN. K12 No Phasing+CSP'!C101 -> 0 | D101: ='DANN K-8'!D101+'SCEN. K12 No Phasing+CSP'!D101 -> 0 | E101: ='DANN K-8'!E101+'SCEN. K12 No Phasing+CSP'!E101 -> 0 | F101: ='DANN K-8'!F101+'SCEN. K12 No Phasing+CSP'!F101 -> 0 | G101: ='DANN K-8'!G101+'SCEN. K12 No Phasing+CSP'!G101 -> 0 | H101: ='DANN K-8'!H101+'SCEN. K12 No Phasing+CSP'!H101 -> 0
A102: Custodial/Security | B102: ='DANN K-8'!B102+'SCEN. K12 No Phasing+CSP'!B102 -> 53572 | C102: ='DANN K-8'!C102+'SCEN. K12 No Phasing+CSP'!C102 -> 54648 | D102: ='DANN K-8'!D102+'SCEN. K12 No Phasing+CSP'!D102 -> 87387.72 | E102: ='DANN K-8'!E102+'SCEN. K12 No Phasing+CSP'!E102 -> 88691.733 | F102: ='DANN K-8'!F102+'SCEN. K12 No Phasing+CSP'!F102 -> 123226.07 | G102: ='DANN K-8'!G102+'SCEN. K12 No Phasing+CSP'!G102 -> 193154.07 | H102: ='DANN K-8'!H102+'SCEN. K12 No Phasing+CSP'!H102 -> 196555.88
A103: NSLP Personnel | B103: ='DANN K-8'!B103+'SCEN. K12 No Phasing+CSP'!B103 -> 57858.75 | C103: ='DANN K-8'!C103+'SCEN. K12 No Phasing+CSP'!C103 -> 59246.25 | D103: ='DANN K-8'!D103+'SCEN. K12 No Phasing+CSP'!D103 -> 91033.75 | E103: ='DANN K-8'!E103+'SCEN. K12 No Phasing+CSP'!E103 -> 93029.25 | F103: ='DANN K-8'!F103+'SCEN. K12 No Phasing+CSP'!F103 -> 95036.91 | G103: ='DANN K-8'!G103+'SCEN. K12 No Phasing+CSP'!G103 -> 97056.973 | H103: ='DANN K-8'!H103+'SCEN. K12 No Phasing+CSP'!H103 -> 98479.743
A104: SPED OT / PT | B104: ='DANN K-8'!B104+'SCEN. K12 No Phasing+CSP'!B104 -> 46000 | C104: ='DANN K-8'!C104+'SCEN. K12 No Phasing+CSP'!C104 -> 55000 | D104: ='DANN K-8'!D104+'SCEN. K12 No Phasing+CSP'!D104 -> 55825 | E104: ='DANN K-8'!E104+'SCEN. K12 No Phasing+CSP'!E104 -> 56494.9 | F104: ='DANN K-8'!F104+'SCEN. K12 No Phasing+CSP'!F104 -> 57172.839 | G104: ='DANN K-8'!G104+'SCEN. K12 No Phasing+CSP'!G104 -> 58030.431 | H104: ='DANN K-8'!H104+'SCEN. K12 No Phasing+CSP'!H104 -> 58726.797
A105: SPED Facilitator | B105: ='DANN K-8'!B105+'SCEN. K12 No Phasing+CSP'!B105 -> 0 | C105: ='DANN K-8'!C105+'SCEN. K12 No Phasing+CSP'!C105 -> 0 | D105: ='DANN K-8'!D105+'SCEN. K12 No Phasing+CSP'!D105 -> 40800 | E105: ='DANN K-8'!E105+'SCEN. K12 No Phasing+CSP'!E105 -> 41616 | F105: ='DANN K-8'!F105+'SCEN. K12 No Phasing+CSP'!F105 -> 42448.32 | G105: ='DANN K-8'!G105+'SCEN. K12 No Phasing+CSP'!G105 -> 43297.286 | H105: ='DANN K-8'!H105+'SCEN. K12 No Phasing+CSP'!H105 -> 44163.232
... A109: IT | B109: ='DANN K-8'!B109+'SCEN. K12 No Phasing+CSP'!B109 -> 0 | C109: ='DANN K-8'!C109+'SCEN. K12 No Phasing+CSP'!C109 -> 0 | D109: ='DANN K-8'!D109+'SCEN. K12 No Phasing+CSP'!D109 -> 0 | E109: ='DANN K-8'!E109+'SCEN. K12 No Phasing+CSP'!E109 -> 0 | F109: ='DANN K-8'!F109+'SCEN. K12 No Phasing+CSP'!F109 -> 0 | G109: ='DANN K-8'!G109+'SCEN. K12 No Phasing+CSP'!G109 -> 0 | H109: ='DANN K-8'!H109+'SCEN. K12 No Phasing+CSP'!H109 -> 0
A110: Total Wages - Support | B110: =SUM(B94:B109) -> 1122144.5 | C110: =SUM(C94:C109) -> 1110509.1 | D110: =SUM(D94:D109) -> 1876865.1 | E110: =SUM(E94:E109) -> 2089299.5 | F110: =SUM(F94:F109) -> 2241845.5 | G110: =SUM(G94:G109) -> 2447202.2 | H110: =SUM(H94:H109) -> 2486722.5
A111: PERS - 36.75% | B111: ='DANN K-8'!B111+'SCEN. K12 No Phasing+CSP'!B111 -> 411730 | C111: ='DANN K-8'!C111+'SCEN. K12 No Phasing+CSP'!C111 -> 413664.66 | D111: ='DANN K-8'!D111+'SCEN. K12 No Phasing+CSP'!D111 -> 702874.06 | E111: ='DANN K-8'!E111+'SCEN. K12 No Phasing+CSP'!E111 -> 788710.56 | F111: ='DANN K-8'!F111+'SCEN. K12 No Phasing+CSP'!F111 -> 846296.68 | G111: ='DANN K-8'!G111+'SCEN. K12 No Phasing+CSP'!G111 -> 923818.85 | H111: ='DANN K-8'!H111+'SCEN. K12 No Phasing+CSP'!H111 -> 944698.3
A112: Ins/ Taxes / Other Benefits | B112: ='DANN K-8'!B112+'SCEN. K12 No Phasing+CSP'!B112 -> 181343 | C112: ='DANN K-8'!C112+'SCEN. K12 No Phasing+CSP'!C112 -> 193450.41 | D112: ='DANN K-8'!D112+'SCEN. K12 No Phasing+CSP'!D112 -> 329816.47 | E112: ='DANN K-8'!E112+'SCEN. K12 No Phasing+CSP'!E112 -> 382600.25 | F112: ='DANN K-8'!F112+'SCEN. K12 No Phasing+CSP'!F112 -> 427377.77 | G112: ='DANN K-8'!G112+'SCEN. K12 No Phasing+CSP'!G112 -> 478780.63 | H112: ='DANN K-8'!H112+'SCEN. K12 No Phasing+CSP'!H112 -> 495807.02
A113: Retention | B113: ='DANN K-8'!B113+'SCEN. K12 No Phasing+CSP'!B113 -> 36500 | C113: ='DANN K-8'!C113+'SCEN. K12 No Phasing+CSP'!C113 -> 36500 | D113: ='DANN K-8'!D113+'SCEN. K12 No Phasing+CSP'!D113 -> 36500 | E113: ='DANN K-8'!E113+'SCEN. K12 No Phasing+CSP'!E113 -> 54750 | F113: ='DANN K-8'!F113+'SCEN. K12 No Phasing+CSP'!F113 -> 57000 | G113: ='DANN K-8'!G113+'SCEN. K12 No Phasing+CSP'!G113 -> 60915 | H113: ='DANN K-8'!H113+'SCEN. K12 No Phasing+CSP'!H113 -> 60915
A114: Holiday | B114: ='DANN K-8'!B114+'SCEN. K12 No Phasing+CSP'!B114 -> 3662.5 | C114: ='DANN K-8'!C114+'SCEN. K12 No Phasing+CSP'!C114 -> 3662.5 | D114: ='DANN K-8'!D114+'SCEN. K12 No Phasing+CSP'!D114 -> 6062.5 | E114: ='DANN K-8'!E114+'SCEN. K12 No Phasing+CSP'!E114 -> 6362.5 | F114: ='DANN K-8'!F114+'SCEN. K12 No Phasing+CSP'!F114 -> 6662.5 | G114: ='DANN K-8'!G114+'SCEN. K12 No Phasing+CSP'!G114 -> 7112.5 | H114: ='DANN K-8'!H114+'SCEN. K12 No Phasing+CSP'!H114 -> 7112.5
A115: Stipends | B115: ='DANN K-8'!B115+'SCEN. K12 No Phasing+CSP'!B115 -> 0 | C115: ='DANN K-8'!C115+'SCEN. K12 No Phasing+CSP'!C115 -> 0 | D115: ='DANN K-8'!D115+'SCEN. K12 No Phasing+CSP'!D115 -> 0 | E115: ='DANN K-8'!E115+'SCEN. K12 No Phasing+CSP'!E115 -> 0 | F115: ='DANN K-8'!F115+'SCEN. K12 No Phasing+CSP'!F115 -> 0 | G115: ='DANN K-8'!G115+'SCEN. K12 No Phasing+CSP'!G115 -> 0 | H115: ='DANN K-8'!H115+'SCEN. K12 No Phasing+CSP'!H115 -> 0
A116: Tuition Reimbursements | B116: ='DANN K-8'!B116+'SCEN. K12 No Phasing+CSP'!B116 -> 1500 | C116: ='DANN K-8'!C116+'SCEN. K12 No Phasing+CSP'!C116 -> 1500 | D116: ='DANN K-8'!D116+'SCEN. K12 No Phasing+CSP'!D116 -> 1500 | E116: ='DANN K-8'!E116+'SCEN. K12 No Phasing+CSP'!E116 -> 1500 | F116: ='DANN K-8'!F116+'SCEN. K12 No Phasing+CSP'!F116 -> 1500 | G116: ='DANN K-8'!G116+'SCEN. K12 No Phasing+CSP'!G116 -> 1500 | H116: ='DANN K-8'!H116+'SCEN. K12 No Phasing+CSP'!H116 -> 1500
A117: Total Benefits - Support | B117: =SUM(B111:B116) -> 634735.5 | C117: =SUM(C111:C116) -> 648777.57 | D117: =SUM(D111:D116) -> 1076753 | E117: =SUM(E111:E116) -> 1233923.3 | F117: =SUM(F111:F116) -> 1338837 | G117: =SUM(G111:G116) -> 1472127 | H117: =SUM(H111:H116) -> 1510032.8
A119: Personnel - Instruction | B119: =B1 -> 26-27 | C119: =C1 -> 27-28 | D119: =D1 -> 28-29 | E119: =E1 -> 29-30 | F119: =F1 -> 30-31 | G119: =G1 -> 31-32 | H119: =H1 -> 32-33
A120: Instructional Coach | B120: ='DANN K-8'!B120+'SCEN. K12 No Phasing+CSP'!B120 -> 77146 | C120: ='DANN K-8'!C120+'SCEN. K12 No Phasing+CSP'!C120 -> 81769.6 | D120: ='DANN K-8'!D120+'SCEN. K12 No Phasing+CSP'!D120 -> 159496.14 | E120: ='DANN K-8'!E120+'SCEN. K12 No Phasing+CSP'!E120 -> 162022.1 | F120: ='DANN K-8'!F120+'SCEN. K12 No Phasing+CSP'!F120 -> 244181.2 | G120: ='DANN K-8'!G120+'SCEN. K12 No Phasing+CSP'!G120 -> 248639.83 | H120: ='DANN K-8'!H120+'SCEN. K12 No Phasing+CSP'!H120 -> 252922.42
A121: ELL Coordinator | B121: ='DANN K-8'!B121+'SCEN. K12 No Phasing+CSP'!B121 -> 0 | C121: ='DANN K-8'!C121+'SCEN. K12 No Phasing+CSP'!C121 -> 0 | D121: ='DANN K-8'!D121+'SCEN. K12 No Phasing+CSP'!D121 -> 71400 | E121: ='DANN K-8'!E121+'SCEN. K12 No Phasing+CSP'!E121 -> 72828 | F121: ='DANN K-8'!F121+'SCEN. K12 No Phasing+CSP'!F121 -> 74284.56 | G121: ='DANN K-8'!G121+'SCEN. K12 No Phasing+CSP'!G121 -> 75770.251 | H121: ='DANN K-8'!H121+'SCEN. K12 No Phasing+CSP'!H121 -> 77285.656
A122: Teachers | B122: ='DANN K-8'!B122+'SCEN. K12 No Phasing+CSP'!B122 -> 2629958 | C122: ='DANN K-8'!C122+'SCEN. K12 No Phasing+CSP'!C122 -> 2640250 | D122: ='DANN K-8'!D122+'SCEN. K12 No Phasing+CSP'!D122 -> 5073850 | E122: ='DANN K-8'!E122+'SCEN. K12 No Phasing+CSP'!E122 -> 5863790 | F122: ='DANN K-8'!F122+'SCEN. K12 No Phasing+CSP'!F122 -> 6680762 | G122: ='DANN K-8'!G122+'SCEN. K12 No Phasing+CSP'!G122 -> 7001784.6 | H122: ='DANN K-8'!H122+'SCEN. K12 No Phasing+CSP'!H122 -> 7528660.8
A123: SPED Teachers | B123: ='DANN K-8'!B123+'SCEN. K12 No Phasing+CSP'!B123 -> 204578 | C123: ='DANN K-8'!C123+'SCEN. K12 No Phasing+CSP'!C123 -> 215931.5 | D123: ='DANN K-8'!D123+'SCEN. K12 No Phasing+CSP'!D123 -> 471322.17 | E123: ='DANN K-8'!E123+'SCEN. K12 No Phasing+CSP'!E123 -> 543514.52 | F123: ='DANN K-8'!F123+'SCEN. K12 No Phasing+CSP'!F123 -> 618403.89 | G123: ='DANN K-8'!G123+'SCEN. K12 No Phasing+CSP'!G123 -> 696620.81 | H123: ='DANN K-8'!H123+'SCEN. K12 No Phasing+CSP'!H123 -> 776917.43
...
